 Dungeon Crawl Stone Soup version 0.29.1 (webtiles) character file.

Game seed: 17216234598622221663

349487 qw the Slayer (level 21, -9/212 HPs)
             Began as a Minotaur Berserker on Sept 13, 2022.
             Was an Elder of Trog.
             Killed from afar by a tengu reaver (29 damage)
             ... with a bolt of lightning
             ... on level 2 of the Depths.
             The game lasted 00:19:37 (49052 turns).

qw the Slayer (Minotaur Berserker)                 Turns: 49052, Time: 00:19:38

Health: -9/212     AC: 36    Str: 36    XL:     21   Next: 25%
Magic:  20/20      EV: 19    Int:  4    God:    Trog [****..]
Gold:   1397       SH: 27    Dex: 15    Spells: 20/20 levels left

rFire   + . .      SeeInvis +   Y - +2 broad axe (drain)
rCold   + . .      Faith    .   t - +0 tower shield
rNeg    . . .      Spirit   .   f - +4 plate armour
rPois   +          Reflect  +   y - +0 mask of the Dragon {Will+ Slay+3 SInv}
rElec   .          Harm     .   i - scarf {rC+ rF+}
rCorr   .          Rampage  .   B - +1 pair of gloves of Words of Power {Str+5 Dex+3 SInv Stlth-}
Will    ++...                   c - +2 pair of boots {Fly}
Stlth   ..........              n - amulet of reflection
HPRegen 0.45/turn               u - +4 ring of evasion
MPRegen 0.17/turn               o - +4 ring of protection

@: lethally poisoned (-9 -> -11), about to teleport, on berserk cooldown,
flying, slowed, very slow
A: horns 2, retaliatory headbutt, iridescent scales 1, poison resistance
}: 2/15 runes: barnacled, gossamer
a: Renounce Religion, Berserk, Trog's Hand, Brothers in Arms


You were on level 2 of the Depths.
You worshipped Trog.
Trog was greatly pleased with you.
You visited 7 branches of the dungeon, and saw 36 of its levels.
You visited 1 bazaar.
You also visited: Sewer and Gauntlet.

You collected 3694 gold pieces.
You spent 2297 gold pieces at shops.


Innate Abilities, Weirdness & Mutations

You have a pair of horns on your head.
You reflexively headbutt those who attack you in melee.
You are partially covered in iridescent scales. (AC +2)
Your system is resistant to poisons. (rPois)


   Skills:
 + Level 23.5 Fighting
 - Level 18.0 Axes
 - Level 13.0 Throwing
 - Level 21.0 Armour
 - Level 14.0 Dodging
 - Level 22.0 Shields


You had 20 spell levels left.
You didn't know any spells.
Your spell library was empty.

Inventory:

Hand Weapons
 Y - a +2 broad axe of draining (weapon)
Missiles
 v - 4 silver boomerangs (quivered)
 x - 36 boomerangs
Armour
 c - a +2 pair of boots of flying (worn)
 f - a +4 plate armour (worn)
 g - the +4 hat of Vanity {-Tele rElec rF- SInv}
   (You found it on level 1 of the Depths)

   rF:        It makes you vulnerable to fire.
   rElec:     It insulates you from electricity.
   SInv:      It lets you see invisible.
   -Tele:     It prevents most forms of teleportation.
 i - a scarf of resistance (worn)
 j - +0 fire dragon scales
 p - a +2 cloak of preservation
 t - a +0 tower shield (worn)
 y - the +0 mask of the Dragon (worn) {Will+ Slay+3 SInv}
   (You found it in a Gauntlet)

   Slay:      It affects your accuracy & damage with ranged weapons and melee
   (+3).
   SInv:      It lets you see invisible.
   Will:      It increases your willpower.
 B - the +1 pair of gloves of Words of Power (worn) {Str+5 Dex+3 SInv Stlth-}
   (You found it on level 12 of the Dungeon)

   Str:       It affects your strength (+5).
   Dex:       It affects your dexterity (+3).
   SInv:      It lets you see invisible.
   Stlth:     It makes you less stealthy.
Jewellery
 n - an amulet of reflection (around neck)
 o - a +4 ring of protection (right hand)
 r - a ring of fire
 u - a +4 ring of evasion (left hand)
 A - a ring of protection from fire
Scrolls
 e - 7 scrolls of identify
 m - 15 scrolls of teleportation
Potions
 a - 2 potions of heal wounds
 b - 12 potions of mutation
 d - 13 potions of might
 h - 5 potions of cancellation
 k - 10 potions of curing
 q - 5 potions of haste

Dungeon Overview and Level Annotations

Branches:
Dungeon (15/15)            Temple (0/1) D:6            Lair (5/5) D:11
 Shoals (4/4) Lair:3       Spider (4/4) Lair:3        Slime (0/5) Lair:4
    Orc (2/2) D:9             Elf (0/3) Orc:2        Vaults (4/5) D:14
  Crypt (0/3) Vaults:3     Depths (2/4) D:15          Sewer (visited)
Gauntlet (visited)

Altars:
Elyvilon
Fedhas
Ru
Vehumet
Yredelemnul

Shops:
D:6 *   D:10 !   Orc:2 =[(*

Portals:
Hell: Depths:1

Annotations:
D:14 1 runed translucent door, Imiczer's ghost, journeyman FoFi
Shoals:2 1 runed translucent door
Orc:1 2 transporters, qw's ghost, journeyman MiBe


Message History

The deep troll earth mage misses you. You block the tengu reaver's attack. x3
You hit the deep troll earth mage.
Your headbutt misses the deep troll earth mage.
The deep troll earth mage is severely wounded.
You hit the tengu reaver but do no damage.
You feel very sick.
The deep troll earth mage barely misses you.
You furiously retaliate!
You headbutt the deep troll earth mage, but do no damage.
You block the deep troll earth mage's attack. x2
The tengu reaver hits you but does no damage.
The tengu reaver barely misses you. You block the tengu reaver's attack.
The deep troll earth mage completely misses you.
The deep troll earth mage barely misses you.
The deep troll earth mage misses you.
You chop the deep troll earth mage into pieces!!!
You kill the deep troll earth mage!
Trog accepts your kill.
Trog appreciates your killing of a magic user.
The troll leather armour is intact enough to wear.
You slash the tengu reaver! You drain the tengu reaver!
You feel sick.
The tengu reaver hits you but does no damage.
You block the tengu reaver's attack.
The tengu reaver claws you but does no damage.
You block the tengu reaver's attack. The tengu reaver closely misses you.
The tengu reaver claws you but does no damage.
You hit the tengu reaver but do no damage.
You drain the tengu reaver.
The tengu reaver is moderately wounded.
You feel sick. The tengu reaver casts a spell at you.
The bolt of lightning hits you!!!
49052 ||| READING 16 scrolls of teleportation.
As you read the scroll of teleportation, it crumbles to dust.
You feel strangely unstable.
You feel sick.
The tengu reaver points at you and mumbles some strange words.
The bolt of lightning hits you!!
You die...

## #..[)}.[).#######.
...##.).....##.........
....#..:....#..........
....##.....##..........
#..###(###...........
##.......#............
##.....)..)............
.......)...............
..........@Q)[.).......
.!..!.....)[).)........
..............<........
.......##..............
....#..#...............
##..#..#...............
.. ##................<
...#.............
#.....##........


You could see a tengu reaver (drained).

Vanquished Creatures
  A juggernaut (Depths:2)
  Nikola (Shoals:1)
  2 tentacled monstrosities (Depths:2)
  A lich (Depths:2)
  A walking crystal tome (Depths:2)
  A titan (Depths:2)
  Gastronok (Lair:1)
  A quicksilver dragon (Depths:2)
  2 sphinxes (Depths:2)
  A storm dragon (Depths:2)
  A tengu reaver (Depths:2)
  Agnes (Spider:3)
  Ilsuiw (Shoals:2)
  5 emperor scorpions
  5 ghost moths
  10 vault wardens
  7 frost giants
  4 fire giants (Depths:2)
  Aizul (Shoals:1)
  3 orc warlords
  2 iron dragons
  8 stone giants
  A spriggan defender (Depths:2)
  A war gargoyle (Vaults:3)
  4 ironbound thunderhulks
  A broodmother (Spider:3)
  18 ironbound preservers
  Nessos (Lair:3)
  10 very ugly things
  3 vampire knights
  A deep elf demonologist (Vaults:4)
  7 dire elephants
  A minotaur (Gauntlet)
  5 spark wasps
  4 entropy weavers
  An eidolon (Vaults:3)
  Snorg (Orc:2)
  6 ettins
  A deep elf death mage (Vaults:3)
  A crystal guardian (Vaults:3)
  4 merfolk javelineers
  9 merfolk impalers
  7 fire dragons
  2 great orbs of eyes
  6 hydras
  2 rakshasas (Depths:1)
  9 vault guards
  2 spriggan air magi (Depths:2)
  2 peacekeepers (Vaults:3)
  13 boulder beetles
  3 merfolk avatars
  8 yaktaur captains
  A catoblepas (Lair:5)
  A jorogumo (Spider:2)
  3 ogre magi
  2 radroaches
  14 ironbound frosthearts
  7 merfolk aquamancers
  12 two-headed ogres
  3 alligator snapping turtles
  3 satyrs
  5 ice dragons
  3 tengu warriors
  16 centaur warriors
  2 deep troll shamans
  3 deep troll earth magi
  A vampire mage (Depths:1)
  3 death yaks (Lair:5)
  An orc high priest (Orc:2)
  Urug (Orc:2)
  Sonja (Lair:3)
  4 hell knights
  Nergalle (Lair:1)
  3 spriggan berserkers
  Amaemon (Lair:1)
  A fire crab (Gauntlet)
  6 skeletal warriors
  3 pharaoh ants
  9 sea snakes
  59 deep trolls
  13 orb spiders
  A swamp dragon (Lair:5)
  3 glowing orange brains
  15 ironbound convokers
  A golden dragon skeleton (Vaults:1)
  4 steelbarb worms
  5 lindwurms
  11 wizards
  8 harpies
  Pikel (D:4)
  12 wolf spiders
  6 orc knights
  A deep elf pyromancer (D:15)
  12 fauns
  3 necromancers
  An oklob plant (Lair:5)
  27 ugly things
  6 cyclopes
  12 manticores
  6 orc sorcerers
  3 moths of wrath
  12 elephants
  A stone giant skeleton (Vaults:3)
  10 vault sentinels
  A water nymph (shapeshifter) (Depths:1)
  A fire giant skeleton (Vaults:3)
  2 elf zombies
  12 cane toads
  5 torpor snails
  8 black mambas
  8 merfolk sirens
  2 gargoyles
  6 water nymphs
  Joseph (Lair:1)
  An eye of devastation (shapeshifter) (Depths:2)
  An apocalypse crab (Gauntlet)
  An orange demon (Lair:1)
  A human zombie (Vaults:1)
  9 komodo dragons
  32 yaktaurs
  4 tengu conjurers
  6 demonic crawlers
  6 rime drakes
  2 efreet
  An unseen horror (D:13)
  A yaktaur (shapeshifter) (D:14)
  A freezing wraith (D:14)
  A yaktaur skeleton (Vaults:3)
  4 wind drakes
  3 meliai (Spider:4)
  37 merfolk
  4 polar bears
  6 hornets
  10 blink frogs
  21 tarantellas
  3 tyrant leeches (Spider:4)
  A hornet (shapeshifter) (D:14)
  7 trolls
  Prince Ribbit (Lair:3)
  A fire giant simulacrum (Vaults:2)
  12 snapping turtles
  20 dream sheep
  27 slime creatures
  13 culicivoras
  2 spriggans (Depths:1)
  17 jumping spiders
  Sigmund (D:3)
  A centaur simulacrum (D:11)
  2 wraiths (Lair:3)
  10 water elementals
  27 yaks
  2 vampires
  2 wyverns
  A shadow (D:9)
  A ynoxinul (Gauntlet)
  4 fire bats (Gauntlet)
  A wyvern (shapeshifter) (D:15)
  8 basilisks
  12 vampire mosquitoes
  47 redbacks
  A steam dragon (D:6)
  A warg (Orc:1)
  A human simulacrum (Vaults:2)
  Edmund (D:6)
  A glowing shapeshifter zombie (Vaults:1)
  5 acid dragons
  8 water moccasins
  A floating eye (Depths:1)
  2 hell hounds (Gauntlet)
  Pargi (Sewer)
  2 sky beasts
  2 swamp drakes (Lair:5)
  26 orc warriors
  An ettin simulacrum (Vaults:3)
  5 black bears
  3 ice beasts
  4 boggarts (Lair:5)
  34 wolves
  9 centaurs
  10 ogres
  3 lemures (D:4)
  3 phantoms
  2 kobold brigands
  5 bullfrogs
  6 scorpions
  2 necrophages
  7 wights
  16 killer bees
  4 electric eels
  3 howler monkeys
  2 centaur zombies (D:9)
  17 orc priests
  4 jellies (Lair:1)
  3 hounds
  3 iron imps (Gauntlet)
  Ijyb (D:3)
  7 iguanas
  25 orc wizards
  2 polar bear simulacra (Lair:1)
  A wolf simulacrum (Lair:1)
  A howler monkey zombie (D:9)
  8 gnolls
  8 adders
  2 river rats (D:3)
  7 white imps
  2 ufetubi (D:6)
  2 worms
  2 dart slugs (D:1)
  66 orcs
  19 endoplasms
  4 giant cockroaches
  11 goblins
  3 hobgoblins
  11 jackals
  14 kobolds
  4 ball pythons
  8 bats
  3 frilled lizards
  6 rats
1373 creatures vanquished.

Vanquished Creatures (collateral kills)
  Rupert (Lair:4)
  3 emperor scorpions (Spider:4)
  A broodmother (Spider:4)
  A war gargoyle (Vaults:3)
  An ironbound thunderhulk (Vaults:2)
  2 entropy weavers (Spider:4)
  2 crystal guardians (Vaults:3)
  A yaktaur captain (Vaults:4)
  Fannar (D:12)
  Josephine (Lair:3)
  A hydra (Lair:5)
  A peacekeeper (Vaults:3)
  A boulder beetle (Spider:2)
  3 merfolk aquamancers (Shoals:3)
  A sun moth (Spider:1)
  A steelbarb worm (Spider:1)
  A cyclops (Shoals:3)
  A moth of wrath (Spider:4)
  A water nymph (Shoals:3)
  A torpor snail (Spider:4)
  A cane toad (Lair:5)
  A rime drake (Lair:5)
  A demonic crawler (Spider:4)
  A tyrant leech (Spider:4)
  A tarantella (Spider:1)
  A hornet (Spider:4)
  A merfolk (Shoals:3)
  A blink frog (Lair:3)
  2 jumping spiders (Spider:4)
  2 wraiths (Lair:3)
  A yak (Lair:4)
  A culicivora (Spider:4)
  5 redbacks
  2 orc wizards (D:12)
  An orc (D:12)
48 creatures vanquished.

Vanquished Creatures (others)
  A merfolk aquamancer (Shoals:2)
  A sea snake (Shoals:2)
  A centaur simulacrum (D:14)
  A water elemental (Shoals:2)
  26 fungi
  137 plants
  4 withered plants (D:9)
171 creatures vanquished.

Grand Total: 1592 creatures vanquished

Notes
Turn   | Place    | Note
-------+----------+-------------------------------------------
     0 | D:1      | qw the Minotaur Berserker began the quest for the Orb.
     0 | D:1      | Reached XP level 1. HP: 19/19 MP: 0/0
     0 | D:1      | 0 ||| qw: Version: 0.1-a-119-g272c26d
     0 | D:1      | 0 ||| qw: Game counter: 11195
     0 | D:1      | 0 ||| qw: Always use a shield: true
     0 | D:1      | 0 ||| qw: Do Orc after D:15 true
     0 | D:1      | 0 ||| qw: Do second Lair branch before Depths: true
     0 | D:1      | 0 ||| qw: Lair rune preference: random
     0 | D:1      | 0 ||| qw: Plans: Normal
     0 | D:1      | 0 ||| PLANNING D:1-11
   226 | D:1      | Reached XP level 2. HP: 26/26 MP: 1/1
   226 | D:1      | 226 ||| Stepping ~*~*~tactically~*~*~ (stealth).
   229 | D:1      | 229 ||| Stepping ~*~*~tactically~*~*~ (stealth).
   467 | D:1      | 467 ||| DROPPING +0 club.
   613 | D:1      | 613 ||| DROPPING +0 whip.
   901 | D:1      | 901 ||| Stepping ~*~*~tactically~*~*~ (hiding).
   911 | D:1      | Reached XP level 3. HP: 31/31 MP: 2/2
   975 | D:1      | 975 ||| UPGRADING to +0 cloak.
   980 | D:1      | 980 ||| UPGRADING to +0 scale mail.
   990 | D:1      | 990 ||| DROPPING +0 animal skin.
   991 | D:1      | 991 ||| READING scroll labelled QAFFICH HU SUO.
   994 | D:1      | 994 ||| READING 3 scrolls labelled TEIROI UROMEL.
   995 | D:1      | 995 ||| READING scroll labelled WAMUSOSTIU.
   996 | D:1      | 996 ||| READING 3 scrolls labelled KAOXTE GOSS.
   997 | D:1      | 997 ||| READING 2 scrolls of identify.
   997 | D:1      | 997 ||| IDENTIFYING amethyst potion
   998 | D:1      | 998 ||| DROPPING 2 scrolls of amnesia.
  1007 | D:2      | Reached ** piety under Trog
  1110 | D:2      | 1110 ||| INVOKING Berserk.
  1233 | D:2      | Found a faded altar of an unknown god.
  1523 | D:2      | 1523 ||| Stepping ~*~*~tactically~*~*~ (stealth).
  1524 | D:2      | 1524 ||| Stepping ~*~*~tactically~*~*~ (stealth).
  1529 | D:2      | Reached skill level 6 in Axes
  1529 | D:2      | Reached XP level 4. HP: 39/39 MP: 3/3
  1781 | D:2      | 1781 ||| UPGRADING to +0 chain mail.
  1791 | D:2      | 1791 ||| DROPPING +0 scale mail.
  1792 | D:2      | 1792 ||| READING scroll labelled TIYZXU JUICS.
  1793 | D:2      | 1793 ||| READING scroll labelled UCUGOXT ONUSIU.
  1794 | D:2      | 1794 ||| DRINKING 2 fuming dark potions.
  1795 | D:2      | 1795 ||| DROPPING potion of degeneration.
  1843 | D:3      | 1843 ||| PLANNING SEWER
  1846 | D:3      | Found a blossoming altar of Fedhas.
  1875 | D:3      | Found a glowing drain.
  1877 | D:3      | 1877 ||| FLEEEEING.
  1878 | D:3      | 1878 ||| FLEEEEING.
  1879 | D:3      | 1879 ||| FLEEEEING.
  1880 | D:3      | 1880 ||| FLEEEEING.
  1881 | D:3      | 1881 ||| FLEEEEING.
  1882 | D:3      | 1882 ||| FLEEEEING.
  1883 | D:3      | 1883 ||| STAIRDANCE
  1887 | D:3      | 1887 ||| STAIRDANCE
  1900 | D:3      | 1900 ||| STAIRDANCE
  1937 | D:3      | 1937 ||| FLEEEEING.
  1938 | D:3      | 1938 ||| FLEEEEING.
  1939 | D:3      | 1939 ||| FLEEEEING.
  1940 | D:3      | 1940 ||| FLEEEEING.
  1941 | D:3      | 1941 ||| FLEEEEING.
  1942 | D:3      | 1942 ||| FLEEEEING.
  1943 | D:3      | 1943 ||| FLEEEEING.
  1944 | D:3      | 1944 ||| FLEEEEING.
  1945 | D:3      | 1945 ||| STAIRDANCE
  1950 | D:3      | 1950 ||| FLEEEEING.
  1951 | D:3      | 1951 ||| STAIRDANCE
  1957 | D:3      | 1957 ||| STAIRDANCE
  1994 | Sewer    | Entered a sewer
  2015 | Sewer    | Noticed a kobold brigand
  2021 | Sewer    | 2021 ||| INVOKING Berserk.
  2022 | Sewer    | Killed a kobold brigand
  2023 | Sewer    | Reached XP level 5. HP: 29/45 MP: 4/4
  2287 | Sewer    | Noticed Pargi
  2297 | Sewer    | Killed Pargi
  2298 | Sewer    | Reached skill level 5 in Fighting
  2410 | Sewer    | 2410 ||| UPGRADING to scarf of resistance.
  2420 | Sewer    | 2420 ||| DRINKING 2 fuming black potions.
  2420 | Sewer    | Gained mutation: Your system is resistant to poisons.
                  | (rPois) [potion of mutation]
  2420 | Sewer    | Gained mutation: You are partially covered in iridescent
                  | scales. (AC +2) [potion of mutation]
  2421 | Sewer    | 2421 ||| DRINKING 2 bubbling dark potions.
  2422 | Sewer    | 2422 ||| DROPPING potion of flight.
  2436 | D:3      | 2436 ||| PLANNING D:1-11
  2455 | D:3      | Reached XP level 6. HP: 56/56 MP: 5/5
  2456 | D:3      | Noticed Sigmund
  2458 | D:3      | 2458 ||| INVOKING Berserk.
  2464 | D:3      | Killed Sigmund
  2585 | D:3      | Noticed Ijyb
  2586 | D:3      | 2586 ||| Stepping ~*~*~tactically~*~*~ (stealth).
  2593 | D:3      | 2593 ||| Stepping ~*~*~tactically~*~*~ (stealth).
  2606 | D:3      | 2606 ||| Stepping ~*~*~tactically~*~*~ (hiding).
  2611 | D:3      | 2611 ||| INVOKING Berserk.
  2617 | D:3      | Killed Ijyb
  2646 | D:3      | 2646 ||| Stepping ~*~*~tactically~*~*~ (stealth).
  2660 | D:3      | 2660 ||| Stepping ~*~*~tactically~*~*~ (stealth).
  2855 | D:3      | 2855 ||| SWAPPING to +0 war axe.
  2856 | D:3      | 2856 ||| DROPPING +0 hand axe.
  2857 | D:3      | Identified the +5 robe of the Stone Wall {Regen+ rCorr
                  | Str+4}
  3192 | D:3      | 3192 ||| READING scroll labelled JUUSUO GACROUCVO.
  3193 | D:3      | 3193 ||| DRINKING 2 murky emerald potions.
  3194 | D:3      | 3194 ||| READING 2 scrolls of identify.
  3194 | D:3      | 3194 ||| IDENTIFYING fizzy cyan potion
  3247 | D:4      | Reached skill level 9 in Axes
  3247 | D:4      | Reached XP level 7. HP: 44/61 MP: 6/6
  3430 | D:4      | Reached skill level 3 in Armour
  3432 | D:4      | 3432 ||| INVOKING Berserk.
  3554 | D:4      | 3554 ||| Stepping ~*~*~tactically~*~*~ (hiding).
  3555 | D:4      | 3555 ||| Stepping ~*~*~tactically~*~*~ (hiding).
  3556 | D:4      | 3556 ||| Stepping ~*~*~tactically~*~*~ (hiding).
  3787 | D:4      | Noticed Pikel
  3788 | D:4      | 3788 ||| Stepping ~*~*~tactically~*~*~ (stealth).
  3794 | D:4      | 3794 ||| Stepping ~*~*~tactically~*~*~ (stealth).
  3797 | D:4      | 3797 ||| INVOKING Berserk.
  3802 | D:4      | Killed Pikel
  3803 | D:4      | Reached XP level 8. HP: 68/68 MP: 7/7
  4271 | D:4      | 4271 ||| READING scroll labelled RESOOCO RUESEE.
  4372 | D:4      | 4372 ||| READING scroll labelled QIALUKHE EBOSEL.
  4373 | D:4      | 4373 ||| READING 3 scrolls of identify.
  4373 | D:4      | 4373 ||| IDENTIFYING fuming sapphire potion
  4374 | D:4      | 4374 ||| READING 2 scrolls of identify.
  4374 | D:4      | 4374 ||| IDENTIFYING silvery potion
  4375 | D:4      | 4375 ||| DROPPING potion of magic.
  4394 | D:5      | Entered Level 5 of the Dungeon
  4401 | D:5      | 4401 ||| Stepping ~*~*~tactically~*~*~ (stealth).
  4419 | D:5      | Reached skill level 6 in Fighting
  4627 | D:5      | 4627 ||| FLEEEEING.
  4628 | D:5      | 4628 ||| FLEEEEING.
  4633 | D:5      | 4633 ||| FLEEEEING.
  4634 | D:5      | 4634 ||| FLEEEEING.
  4635 | D:5      | 4635 ||| FLEEEEING.
  4636 | D:5      | 4636 ||| FLEEEEING.
  4637 | D:5      | 4637 ||| FLEEEEING.
  4638 | D:5      | 4638 ||| FLEEEEING.
  4639 | D:5      | 4639 ||| FLEEEEING.
  4640 | D:5      | 4640 ||| FLEEEEING.
  4641 | D:5      | 4641 ||| FLEEEEING.
  4642 | D:5      | 4642 ||| FLEEEEING.
  4643 | D:5      | 4643 ||| FLEEEEING.
  4644 | D:5      | 4644 ||| Stepping ~*~*~tactically~*~*~ (hiding).
  4700 | D:5      | 4700 ||| Stepping ~*~*~tactically~*~*~ (stealth).
  4705 | D:5      | 4705 ||| INVOKING Berserk.
  4708 | D:5      | Reached skill level 12 in Axes
  4713 | D:5      | Reached skill level 7 in Fighting
  5366 | D:5      | 5366 ||| UPGRADING to +0 pair of boots.
  5371 | D:5      | 5371 ||| UPGRADING to +0 buckler.
  5376 | D:5      | 5376 ||| UPGRADING to amulet of regeneration.
  5381 | D:5      | 5381 ||| UPGRADING to ring of protection from cold.
  5382 | D:5      | 5382 ||| READING scroll labelled IXIJESTOIKU.
  5383 | D:5      | 5383 ||| DRINKING 2 clear potions.
  5488 | D:5      | 5488 ||| DRINKING 2 metallic brown potions.
  5489 | D:5      | 5489 ||| READING 3 scrolls of identify.
  5489 | D:5      | 5489 ||| IDENTIFYING fizzy blue potion
  5490 | D:5      | 5490 ||| READING 2 scrolls of identify.
  5490 | D:5      | 5490 ||| IDENTIFYING murky dark potion
  5491 | D:5      | 5491 ||| DROPPING potion of berserk rage.
  5492 | D:5      | 5492 ||| DROPPING potion of ambrosia.
  5493 | D:5      | 5493 ||| DROPPING potion of brilliance.
  5535 | D:6      | 5535 ||| INVOKING Berserk.
  5538 | D:6      | Reached skill level 1 in Shields
  5538 | D:6      | Reached XP level 9. HP: 79/79 MP: 8/8
  5542 | D:6      | 5542 ||| STAIRDANCE
  5666 | D:6      | Noticed Edmund
  5667 | D:6      | 5667 ||| Stepping ~*~*~tactically~*~*~ (stealth).
  5669 | D:6      | 5669 ||| Stepping ~*~*~tactically~*~*~ (stealth).
  5671 | D:6      | 5671 ||| INVOKING Berserk.
  5674 | D:6      | Killed Edmund
  5675 | D:6      | Reached skill level 3 in Shields
  5780 | D:6      | 5780 ||| DROPPING +0 flail.
  5807 | D:6      | 5807 ||| Stepping ~*~*~tactically~*~*~ (stealth).
  5858 | D:6      | 5858 ||| Stepping ~*~*~tactically~*~*~ (stealth).
  5908 | D:6      | 5908 ||| DROPPING +1 flail of draining.
  5934 | D:6      | 5934 ||| Stepping ~*~*~tactically~*~*~ (hiding).
  5935 | D:6      | 5935 ||| Stepping ~*~*~tactically~*~*~ (hiding).
  5936 | D:6      | 5936 ||| Stepping ~*~*~tactically~*~*~ (hiding).
  5940 | D:6      | 5940 ||| INVOKING Berserk.
  5945 | D:6      | Reached skill level 1 in Throwing
  6282 | D:6      | 6282 ||| Stepping ~*~*~tactically~*~*~ (stealth).
  6284 | D:6      | 6284 ||| Stepping ~*~*~tactically~*~*~ (hiding).
  6286 | D:6      | 6286 ||| INVOKING Berserk.
  6426 | D:6      | Found Vicwem's General Store.
  6429 | D:6      | 6429 ||| BUYING potion of curing (36 gold).
  6429 | D:6      | Bought a potion of curing for 36 gold pieces
  6429 | D:6      | 6429 ||| BUYING scroll of identify (24 gold).
  6429 | D:6      | Bought a scroll of identify for 24 gold pieces
  6440 | D:6      | 6440 ||| Stepping ~*~*~tactically~*~*~ (stealth).
  6441 | D:6      | 6441 ||| Stepping ~*~*~tactically~*~*~ (stealth).
  6485 | D:6      | 6485 ||| Stepping ~*~*~tactically~*~*~ (hiding).
  6719 | D:6      | Found a staircase to the Ecumenical Temple.
  7124 | D:6      | 7124 ||| UPGRADING to +6 ring of dexterity.
  7125 | D:6      | 7125 ||| READING scroll labelled MEANIMEUTA.
  7126 | D:6      | 7126 ||| READING 3 scrolls of identify.
  7126 | D:6      | 7126 ||| IDENTIFYING golden potion
  7127 | D:6      | 7127 ||| DROPPING potion of attraction.
  7200 | D:7      | Reached skill level 3 in Dodging
  7201 | D:7      | 7201 ||| Stepping ~*~*~tactically~*~*~ (stealth).
  7202 | D:7      | 7202 ||| Stepping ~*~*~tactically~*~*~ (stealth).
  7203 | D:7      | 7203 ||| Stepping ~*~*~tactically~*~*~ (stealth).
  7204 | D:7      | 7204 ||| Stepping ~*~*~tactically~*~*~ (stealth).
  7205 | D:7      | 7205 ||| Stepping ~*~*~tactically~*~*~ (stealth).
  7206 | D:7      | 7206 ||| Stepping ~*~*~tactically~*~*~ (stealth).
  7207 | D:7      | 7207 ||| Stepping ~*~*~tactically~*~*~ (stealth).
  7208 | D:7      | 7208 ||| Stepping ~*~*~tactically~*~*~ (stealth).
  7209 | D:7      | 7209 ||| Stepping ~*~*~tactically~*~*~ (stealth).
  7210 | D:7      | 7210 ||| Stepping ~*~*~tactically~*~*~ (stealth).
  7211 | D:7      | 7211 ||| Stepping ~*~*~tactically~*~*~ (stealth).
  7213 | D:7      | 7213 ||| INVOKING Berserk.
  7364 | D:7      | 7364 ||| Stepping ~*~*~tactically~*~*~ (stealth).
  7479 | D:7      | 7479 ||| READING scroll of enchant weapon.
  7479 | D:7      | 7479 ||| ENCHANTING +1 war axe.
  7497 | D:7      | Reached *** piety under Trog
  7722 | D:8      | Reached skill level 8 in Fighting
  7729 | D:8      | 7729 ||| INVOKING Berserk.
  7735 | D:8      | Reached XP level 10. HP: 44/88 MP: 9/9
  7821 | D:8      | 7821 ||| Stepping ~*~*~tactically~*~*~ (stealth).
  7822 | D:8      | 7822 ||| Stepping ~*~*~tactically~*~*~ (hiding).
  7838 | D:8      | 7838 ||| Stepping ~*~*~tactically~*~*~ (stealth).
  7841 | D:8      | 7841 ||| Stepping ~*~*~tactically~*~*~ (stealth).
  7842 | D:8      | 7842 ||| Stepping ~*~*~tactically~*~*~ (stealth).
  7930 | D:8      | 7930 ||| Stepping ~*~*~tactically~*~*~ (stealth).
  7932 | D:8      | 7932 ||| Stepping ~*~*~tactically~*~*~ (stealth).
  7938 | D:8      | 7938 ||| Stepping ~*~*~tactically~*~*~ (hiding).
  7939 | D:8      | 7939 ||| Stepping ~*~*~tactically~*~*~ (hiding).
  7941 | D:8      | 7941 ||| Stepping ~*~*~tactically~*~*~ (hiding).
  7990 | D:8      | Noticed a skeletal warrior
  7992 | D:8      | 7992 ||| INVOKING Berserk.
  8005 | D:8      | Killed a skeletal warrior
  8006 | D:8      | Reached skill level 15 in Axes
  8167 | D:8      | 8167 ||| Stepping ~*~*~tactically~*~*~ (stealth).
  8170 | D:8      | Noticed a centaur warrior
  8172 | D:8      | 8172 ||| Stepping ~*~*~tactically~*~*~ (hiding).
  8180 | D:8      | Killed a centaur warrior
  8181 | D:8      | Reached skill level 9 in Fighting
  8486 | D:8      | 8486 ||| UPGRADING to +0 pair of gloves.
  8491 | D:8      | 8491 ||| UPGRADING to +4 ring of evasion.
  8493 | D:8      | 8493 ||| READING 2 scrolls of identify.
  8493 | D:8      | 8493 ||| IDENTIFYING white potion
  8574 | D:9      | Noticed a two-headed ogre
  8575 | D:9      | 8575 ||| Stepping ~*~*~tactically~*~*~ (stealth).
  8576 | D:9      | 8576 ||| Stepping ~*~*~tactically~*~*~ (stealth).
  8577 | D:9      | 8577 ||| Stepping ~*~*~tactically~*~*~ (stealth).
  8579 | D:9      | 8579 ||| INVOKING Berserk.
  8583 | D:9      | Killed a two-headed ogre
  8584 | D:9      | Reached skill level 3 in Throwing
  8663 | D:9      | 8663 ||| Stepping ~*~*~tactically~*~*~ (stealth).
  8665 | D:9      | 8665 ||| Stepping ~*~*~tactically~*~*~ (stealth).
  8667 | D:9      | 8667 ||| Stepping ~*~*~tactically~*~*~ (stealth).
  8678 | D:9      | Reached skill level 6 in Armour
  8736 | D:9      | 8736 ||| Stepping ~*~*~tactically~*~*~ (stealth).
  8745 | D:9      | 8745 ||| Stepping ~*~*~tactically~*~*~ (stealth).
  8760 | D:9      | 8760 ||| Stepping ~*~*~tactically~*~*~ (stealth).
  8768 | D:9      | 8768 ||| Stepping ~*~*~tactically~*~*~ (water).
  8779 | D:9      | 8779 ||| Stepping ~*~*~tactically~*~*~ (hiding).
  8780 | D:9      | 8780 ||| Stepping ~*~*~tactically~*~*~ (hiding).
  8783 | D:9      | 8783 ||| Stepping ~*~*~tactically~*~*~ (hiding).
  8890 | D:9      | 8890 ||| Stepping ~*~*~tactically~*~*~ (stealth).
  8917 | D:9      | 8917 ||| Stepping ~*~*~tactically~*~*~ (stealth).
  8919 | D:9      | 8919 ||| Stepping ~*~*~tactically~*~*~ (hiding).
  8925 | D:9      | 8925 ||| INVOKING Berserk.
  9107 | D:9      | 9107 ||| DRINKING 4 potions of curing.
  9107 | D:9      | 9107 ||| (to cure confusion)
  9115 | D:9      | 9115 ||| Stepping ~*~*~tactically~*~*~ (stealth).
  9117 | D:9      | 9117 ||| Stepping ~*~*~tactically~*~*~ (stealth).
  9128 | D:9      | Reached **** piety under Trog
  9136 | D:9      | 9136 ||| Stepping ~*~*~tactically~*~*~ (stealth).
  9138 | D:9      | 9138 ||| Stepping ~*~*~tactically~*~*~ (stealth).
  9140 | D:9      | 9140 ||| INVOKING Berserk.
  9146 | D:9      | Reached XP level 11. HP: 97/97 MP: 10/10
  9368 | D:9      | Found a staircase to the Orcish Mines.
  9496 | D:9      | 9496 ||| UPGRADING to +0 plate armour.
  9506 | D:9      | 9506 ||| DROPPING +0 chain mail.
  9512 | D:10     | Entered Level 10 of the Dungeon
  9604 | D:10     | 9604 ||| INVOKING Berserk.
  9754 | D:10     | Found Ahaloc's Distillery.
  9762 | D:10     | 9762 ||| BUYING potion of curing (39 gold).
  9762 | D:10     | Bought a potion of curing for 39 gold pieces
  9762 | D:10     | 9762 ||| BUYING potion of curing (39 gold).
  9762 | D:10     | Bought a potion of curing for 39 gold pieces
  9762 | D:10     | 9762 ||| BUYING potion of might (52 gold).
  9762 | D:10     | Bought a potion of might for 52 gold pieces
  9762 | D:10     | 9762 ||| BUYING potion of mutation (104 gold).
  9762 | D:10     | Bought a potion of mutation for 104 gold pieces
  9762 | D:10     | 9762 ||| BUYING potion of mutation (104 gold).
  9762 | D:10     | Bought a potion of mutation for 104 gold pieces
  9762 | D:10     | 9762 ||| SHOPLISTING potion of resistance (130 gold, have
                  | 84).
  9970 | D:10     | 9970 ||| INVOKING Berserk.
 10122 | D:10     | Found a white marble altar of Elyvilon.
 10178 | D:10     | Found a basalt altar of Yredelemnul.
 10236 | D:10     | 10236 ||| Stepping ~*~*~tactically~*~*~ (stealth).
 10243 | D:10     | 10243 ||| Stepping ~*~*~tactically~*~*~ (stealth).
 10258 | D:10     | Noticed a two-headed ogre
 10260 | D:10     | 10260 ||| INVOKING Berserk.
 10270 | D:10     | Killed a two-headed ogre
 10281 | D:10     | 10281 ||| Stepping ~*~*~tactically~*~*~ (stealth).
 10307 | D:10     | 10307 ||| FLEEEEING.
 10308 | D:10     | 10308 ||| FLEEEEING.
 10348 | D:10     | 10348 ||| Stepping ~*~*~tactically~*~*~ (stealth).
 10541 | D:11     | 10541 ||| PLANNING GAUNTLET
 10541 | D:11     | Noticed a brown ugly thing
 10547 | D:11     | Killed a brown ugly thing
 10548 | D:11     | Reached skill level 6 in Shields
 10551 | D:11     | Found a gate leading to a gauntlet.
 10556 | D:11     | Noticed a boulder beetle
 10561 | D:11     | 10561 ||| INVOKING Berserk.
 10565 | D:11     | Killed a boulder beetle
 10603 | D:11     | 10603 ||| Stepping ~*~*~tactically~*~*~ (stealth).
 10616 | D:11     | 10616 ||| Stepping ~*~*~tactically~*~*~ (stealth).
 10625 | D:11     | 10625 ||| INVOKING Berserk.
 10627 | D:11     | Reached skill level 10 in Fighting
 10734 | Gauntlet | Entered a Gauntlet
 10734 | Gauntlet | Noticed a catoblepas
 10734 | Gauntlet | Found a large runed translucent door.
 10734 | Gauntlet | Found a large runed translucent door.
 10734 | Gauntlet | Found a large runed translucent door.
 10734 | Gauntlet | Found a large runed translucent door.
 10734 | Gauntlet | Found a runed translucent door.
 10734 | Gauntlet | Found a large runed translucent door.
 10734 | Gauntlet | Found a large runed translucent door.
 10734 | Gauntlet | Found a transporter.
 10734 | Gauntlet | Found a transporter.
 10734 | Gauntlet | Found a large runed translucent door.
 10734 | Gauntlet | Found a large runed translucent door.
 10734 | Gauntlet | Found a runed translucent gate.
 10734 | Gauntlet | Found a runed translucent gate.
 10734 | Gauntlet | Found a transporter.
 10738 | Gauntlet | Found a runed translucent gate.
 10738 | Gauntlet | Found a runed translucent door.
 10738 | Gauntlet | Found a transporter.
 10743 | Gauntlet | Found a large runed translucent door.
 10743 | Gauntlet | Found a large runed translucent door.
 10746 | Gauntlet | Noticed an entropy weaver
 10748 | Gauntlet | Found a transporter.
 10752 | Gauntlet | Found a transporter.
 10755 | Gauntlet | Noticed an entropy weaver
 10757 | Gauntlet | Noticed a fire crab
 10762 | Gauntlet | Found a transporter.
 10762 | Gauntlet | Noticed a wolf spider
 10808 | Gauntlet | Found a large runed translucent door.
 10808 | Gauntlet | Found a large runed translucent door.
 10811 | Gauntlet | Found a large runed translucent door.
 10811 | Gauntlet | Found a large runed translucent door.
 10812 | Gauntlet | Found a large runed translucent door.
 10813 | Gauntlet | Found a large runed translucent door.
 10853 | Gauntlet | Found a transporter.
 10855 | Gauntlet | Found a transporter.
 10863 | Gauntlet | Found a transporter.
 10867 | Gauntlet | Found a transporter.
 10879 | Gauntlet | Found a transporter.
 10929 | Gauntlet | 10929 ||| Stepping ~*~*~tactically~*~*~ (hiding).
 11028 | Gauntlet | 11028 ||| DROPPING ring of willpower.
 11041 | Gauntlet | Reached skill level 9 in Armour
 11064 | Gauntlet | 11064 ||| Stepping randomly (cloudy).
 11065 | Gauntlet | 11065 ||| Stepping randomly (cloudy).
 11076 | Gauntlet | Killed a fire crab
 11077 | Gauntlet | 11077 ||| Stepping ~*~*~tactically~*~*~ (cloud).
 11127 | Gauntlet | Identified the +0 helmet "Pyiliplu" {Regen+ rCorr}
 11161 | Gauntlet | Found the +0 mask of the Dragon {Will+ Slay+3 SInv}
 11161 | Gauntlet | Noticed a minotaur
 11162 | Gauntlet | 11162 ||| INVOKING Berserk.
 11170 | Gauntlet | Killed a minotaur
 11289 | Gauntlet | Identified the +0 scale mail of Hairiness {Int+2}
 11289 | Gauntlet | Identified the +8 trident of the Valley {vorpal, MP+9 Int-3
                  | Stlth+}
 11315 | Gauntlet | 11315 ||| UPGRADING to +0 mask of the Dragon {Will+ Slay+3
                  | SInv}.
 11320 | Gauntlet | 11320 ||| UPGRADING to +1 pair of gloves of hurling.
 11330 | Gauntlet | 11330 ||| DROPPING +0 pair of gloves.
 11331 | Gauntlet | 11331 ||| READING scroll labelled QECWIF BEMNICY.
 11345 | D:11     | 11345 ||| PLANNING D:1-11
 11374 | D:11     | 11374 ||| Stepping ~*~*~tactically~*~*~ (stealth).
 11375 | D:11     | 11375 ||| Stepping ~*~*~tactically~*~*~ (stealth).
 11396 | D:11     | Found a staircase to the Lair.
 11447 | D:11     | 11447 ||| Stepping ~*~*~tactically~*~*~ (stealth).
 11448 | D:11     | 11448 ||| Stepping ~*~*~tactically~*~*~ (stealth).
 11461 | D:11     | Reached XP level 12. HP: 108/108 MP: 11/11
 11468 | D:11     | Reached skill level 11 in Fighting
 11829 | D:11     | 11829 ||| PLANNING LAIR
 11829 | D:11     | 11829 ||| UPGRADING to +0 tower shield.
 11839 | D:11     | 11839 ||| DROPPING +0 buckler.
 11840 | D:11     | 11840 ||| READING scroll labelled NAESMO DOTHRI.
 11870 | Lair:1   | Entered Level 1 of the Lair of Beasts
 11901 | Lair:1   | Noticed Gastronok
 11905 | Lair:1   | 11905 ||| INVOKING Berserk.
 11920 | Lair:1   | Killed Gastronok
 12058 | Lair:1   | Noticed Amaemon
 12059 | Lair:1   | 12059 ||| Stepping ~*~*~tactically~*~*~ (hiding).
 12071 | Lair:1   | Reached skill level 9 in Shields
 12072 | Lair:1   | 12072 ||| INVOKING Berserk.
 12077 | Lair:1   | Killed Amaemon
 12214 | Lair:1   | 12214 ||| DROPPING +0 morningstar.
 12509 | Lair:1   | Noticed an eight-headed hydra
 12510 | Lair:1   | 12510 ||| INVOKING Brothers in Arms.
 12511 | Lair:1   | 12511 ||| INVOKING Brothers in Arms.
 12512 | Lair:1   | 12512 ||| INVOKING Brothers in Arms.
 12516 | Lair:1   | 12516 ||| SWAPPING to +0 demon whip of venom.
 12518 | Lair:1   | 12518 ||| INVOKING Berserk.
 12522 | Lair:1   | Killed an eight-headed hydra
 12545 | Lair:1   | 12545 ||| SWAPPING to +2 war axe.
 12694 | Lair:1   | 12694 ||| Stepping ~*~*~tactically~*~*~ (stealth).
 12696 | Lair:1   | 12696 ||| Stepping ~*~*~tactically~*~*~ (stealth).
 12698 | Lair:1   | 12698 ||| Stepping ~*~*~tactically~*~*~ (stealth).
 12726 | Lair:1   | Noticed Nergalle
 12730 | Lair:1   | 12730 ||| INVOKING Berserk.
 12744 | Lair:1   | Killed Nergalle
 12745 | Lair:1   | Reached skill level 12 in Shields
 12906 | Lair:1   | 12906 ||| Stepping ~*~*~tactically~*~*~ (stealth).
 13019 | Lair:1   | Identified the +0 leather armour of Ennui {rC+}
 13066 | Lair:1   | 13066 ||| Stepping ~*~*~tactically~*~*~ (stealth).
 13068 | Lair:1   | 13068 ||| INVOKING Berserk.
 13308 | Lair:1   | Noticed Joseph
 13309 | Lair:1   | 13309 ||| Stepping ~*~*~tactically~*~*~ (hiding).
 13310 | Lair:1   | 13310 ||| Stepping ~*~*~tactically~*~*~ (hiding).
 13318 | Lair:1   | Killed Joseph
 13764 | Lair:1   | 13764 ||| READING 3 scrolls of identify.
 13764 | Lair:1   | 13764 ||| IDENTIFYING fuming cyan potion
 13765 | Lair:1   | 13765 ||| DROPPING potion of lignification.
 13807 | Lair:2   | 13807 ||| STAIRDANCE
 13844 | Lair:2   | 13844 ||| Stepping ~*~*~tactically~*~*~ (stealth).
 13846 | Lair:2   | 13846 ||| INVOKING Berserk.
 13992 | Lair:2   | 13992 ||| Stepping ~*~*~tactically~*~*~ (stealth).
 13993 | Lair:2   | 13993 ||| Stepping ~*~*~tactically~*~*~ (stealth).
 13994 | Lair:2   | 13994 ||| Stepping ~*~*~tactically~*~*~ (stealth).
 13999 | Lair:2   | 13999 ||| Stepping ~*~*~tactically~*~*~ (stealth).
 14002 | Lair:2   | 14002 ||| Stepping ~*~*~tactically~*~*~ (stealth).
 14003 | Lair:2   | 14003 ||| Stepping ~*~*~tactically~*~*~ (stealth).
 14015 | Lair:2   | Reached XP level 13. HP: 98/116 MP: 12/12
 14046 | Lair:2   | Reached ***** piety under Trog
 14139 | Lair:2   | 14139 ||| Stepping ~*~*~tactically~*~*~ (stealth).
 14147 | Lair:2   | 14147 ||| Stepping ~*~*~tactically~*~*~ (stealth).
 14148 | Lair:2   | 14148 ||| INVOKING Berserk.
 14153 | Lair:2   | 14153 ||| Stepping ~*~*~tactically~*~*~ (stealth).
 14155 | Lair:2   | 14155 ||| Stepping ~*~*~tactically~*~*~ (stealth).
 14389 | Lair:2   | 14389 ||| INVOKING Berserk.
 14716 | Lair:3   | Noticed Nessos
 14717 | Lair:3   | 14717 ||| Stepping ~*~*~tactically~*~*~ (hiding).
 14720 | Lair:3   | 14720 ||| Stepping ~*~*~tactically~*~*~ (stealth).
 14721 | Lair:3   | 14721 ||| INVOKING Brothers in Arms.
 14724 | Lair:3   | Killed Nessos
 14725 | Lair:3   | 14725 ||| INVOKING Berserk.
 14731 | Lair:3   | Noticed Josephine
 14734 | Lair:3   | Killed Josephine
 14735 | Lair:3   | Reached skill level 15 in Shields
 14877 | Lair:3   | Noticed Sonja
 14884 | Lair:3   | Killed Sonja
 14891 | Lair:3   | 14891 ||| Stepping ~*~*~tactically~*~*~ (stealth).
 14896 | Lair:3   | 14896 ||| INVOKING Berserk.
 15025 | Lair:3   | Found a hole to the Spider Nest.
 15341 | Lair:3   | 15341 ||| Stepping ~*~*~tactically~*~*~ (stealth).
 15345 | Lair:3   | 15345 ||| Stepping ~*~*~tactically~*~*~ (stealth).
 15401 | Lair:3   | Noticed Prince Ribbit
 15404 | Lair:3   | 15404 ||| INVOKING Berserk.
 15406 | Lair:3   | Reached skill level 6 in Dodging
 15407 | Lair:3   | Killed Prince Ribbit
 15578 | Lair:3   | 15578 ||| INVOKING Berserk.
 15949 | Lair:3   | Found a staircase to the Shoals.
 16043 | Lair:3   | Reached skill level 6 in Throwing
 16236 | Lair:3   | 16236 ||| DROPPING amulet of guardian spirit.
 16237 | Lair:3   | 16237 ||| READING scroll labelled PAR PUFOGESTRE.
 16238 | Lair:3   | 16238 ||| READING scroll labelled WEPPUL QORISI.
 16319 | Lair:4   | Identified the ring "Wolyl" {rPois rN+++ Str-5 Int-3 SInv}
 16331 | Lair:4   | Found a staircase to the Slime Pits.
 16354 | Lair:4   | Noticed Rupert
 16356 | Lair:4   | 16356 ||| INVOKING Trog's Hand.
 16357 | Lair:4   | 16357 ||| INVOKING Brothers in Arms.
 16360 | Lair:4   | 16360 ||| INVOKING Berserk.
 16362 | Lair:4   | Killed Rupert
 16851 | Lair:4   | Reached skill level 12 in Fighting
 17074 | Lair:5   | Entered Level 5 of the Lair of Beasts
 17127 | Lair:5   | 17127 ||| INVOKING Berserk.
 17139 | Lair:5   | 17139 ||| INVOKING Brothers in Arms.
 17140 | Lair:5   | 17140 ||| SWAPPING to +0 demon whip of venom.
 17142 | Lair:5   | 17142 ||| SWAPPING to +2 war axe.
 17344 | Lair:5   | 17344 ||| INVOKING Berserk.
 17542 | Lair:5   | 17542 ||| INVOKING Brothers in Arms.
 17544 | Lair:5   | 17544 ||| SWAPPING to +0 demon whip of venom.
 17545 | Lair:5   | 17545 ||| INVOKING Berserk.
 17554 | Lair:5   | 17554 ||| SWAPPING to +2 war axe.
 17693 | Lair:5   | 17693 ||| INVOKING Berserk.
 17712 | Lair:5   | Reached XP level 14. HP: 126/126 MP: 13/13
 17741 | Lair:5   | 17741 ||| Stepping ~*~*~tactically~*~*~ (stealth).
 17779 | Lair:5   | 17779 ||| Stepping ~*~*~tactically~*~*~ (stealth).
 17789 | Lair:5   | 17789 ||| INVOKING Berserk.
 17970 | Lair:5   | 17970 ||| Stepping ~*~*~tactically~*~*~ (hiding).
 17985 | Lair:5   | 17985 ||| Stepping ~*~*~tactically~*~*~ (hiding).
 17988 | Lair:5   | 17988 ||| Stepping ~*~*~tactically~*~*~ (hiding).
 18006 | Lair:5   | 18006 ||| INVOKING Berserk.
 18228 | Lair:5   | 18228 ||| READING scroll of enchant armour.
 18228 | Lair:5   | 18228 ||| ENCHANTING +1 pair of gloves of hurling.
 18299 | Lair:5   | 18299 ||| Stepping ~*~*~tactically~*~*~ (hiding).
 18458 | Lair:5   | 18458 ||| Stepping ~*~*~tactically~*~*~ (hiding).
 18496 | Lair:5   | 18496 ||| Stepping ~*~*~tactically~*~*~ (hiding).
 18520 | Lair:5   | 18520 ||| Stepping ~*~*~tactically~*~*~ (stealth).
 18527 | Lair:5   | 18527 ||| INVOKING Berserk.
 18533 | Lair:5   | 18533 ||| INVOKING Brothers in Arms.
 18534 | Lair:5   | 18534 ||| INVOKING Brothers in Arms.
 18535 | Lair:5   | 18535 ||| SWAPPING to +0 demon whip of venom.
 18544 | Lair:5   | 18544 ||| SWAPPING to +2 war axe.
 18658 | Lair:5   | 18658 ||| Stepping ~*~*~tactically~*~*~ (hiding).
 18659 | Lair:5   | 18659 ||| INVOKING Berserk.
 18674 | Lair:5   | 18674 ||| DRINKING 4 potions of cancellation.
 18681 | Lair:5   | Reached skill level 13 in Fighting
 18800 | Lair:5   | Identified the +4 flail of Anguish {freeze, rElec}
 18988 | Lair:5   | 18988 ||| Stepping ~*~*~tactically~*~*~ (hiding).
 19014 | Lair:5   | 19014 ||| Stepping ~*~*~tactically~*~*~ (stealth).
 19015 | Lair:5   | 19015 ||| Stepping ~*~*~tactically~*~*~ (stealth).
 19018 | Lair:5   | 19018 ||| Stepping ~*~*~tactically~*~*~ (stealth).
 19019 | Lair:5   | 19019 ||| Stepping ~*~*~tactically~*~*~ (stealth).
 19023 | Lair:5   | 19023 ||| INVOKING Berserk.
 19081 | Lair:5   | 19081 ||| Stepping ~*~*~tactically~*~*~ (stealth).
 19094 | Lair:5   | 19094 ||| Stepping ~*~*~tactically~*~*~ (water).
 19183 | Lair:5   | Identified the +7 trident of Contradiction {flame, +Blink}
 19264 | Lair:5   | 19264 ||| PLANNING D
 19413 | D:12     | 19413 ||| INVOKING Brothers in Arms.
 19414 | D:12     | 19414 ||| INVOKING Brothers in Arms.
 19415 | D:12     | 19415 ||| INVOKING Brothers in Arms.
 19416 | D:12     | 19416 ||| INVOKING Brothers in Arms.
 19417 | D:12     | 19417 ||| INVOKING Brothers in Arms.
 19418 | D:12     | 19418 ||| INVOKING Brothers in Arms.
 19419 | D:12     | 19419 ||| INVOKING Brothers in Arms.
 19419 | D:12     | Noticed Fannar
 19420 | D:12     | 19420 ||| SWAPPING to +0 demon whip of venom.
 19421 | D:12     | 19421 ||| INVOKING Berserk.
 19432 | D:12     | 19432 ||| SWAPPING to +2 war axe.
 19440 | D:12     | Killed Fannar
 19441 | D:12     | Reached skill level 12 in Armour
 19548 | D:12     | 19548 ||| READING scroll of enchant weapon.
 19548 | D:12     | 19548 ||| ENCHANTING +2 war axe.
 19617 | D:12     | 19617 ||| READING scroll of enchant weapon.
 19617 | D:12     | 19617 ||| ENCHANTING +3 war axe.
 19622 | D:12     | 19622 ||| Stepping ~*~*~tactically~*~*~ (hiding).
 19796 | D:12     | 19796 ||| Stepping ~*~*~tactically~*~*~ (hiding).
 19943 | D:12     | 19943 ||| INVOKING Berserk.
 20080 | D:12     | Identified the +1 pair of gloves of Words of Power {Str+5
                  | Dex+3 SInv Stlth-}
 20220 | D:12     | Identified the +2 ring mail "Suosaops" {Contam rPois Will-
                  | Str+8}
 20362 | D:12     | 20362 ||| UPGRADING to +1 pair of gloves of Words of Power
                  | {Str+5 Dex+3 SInv Stlth-}.
 20372 | D:12     | 20372 ||| DROPPING +2 pair of gloves of hurling.
 20373 | D:12     | 20373 ||| READING scroll labelled YZOSYKOCVI.
 20452 | D:13     | 20452 ||| Stepping ~*~*~tactically~*~*~ (stealth).
 20453 | D:13     | 20453 ||| Stepping ~*~*~tactically~*~*~ (stealth).
 20455 | D:13     | 20455 ||| Stepping ~*~*~tactically~*~*~ (stealth).
 20460 | D:13     | 20460 ||| INVOKING Berserk.
 20584 | D:13     | 20584 ||| Stepping ~*~*~tactically~*~*~ (hiding).
 20589 | D:13     | 20589 ||| INVOKING Berserk.
 20688 | D:13     | 20688 ||| READING scroll of enchant weapon.
 20688 | D:13     | 20688 ||| ENCHANTING +4 war axe.
 20695 | D:13     | 20695 ||| Stepping ~*~*~tactically~*~*~ (hiding).
 20703 | D:13     | 20703 ||| Stepping ~*~*~tactically~*~*~ (hiding).
 20704 | D:13     | 20704 ||| Stepping ~*~*~tactically~*~*~ (hiding).
 20709 | D:13     | Reached skill level 9 in Dodging
 20998 | D:13     | 20998 ||| Stepping ~*~*~tactically~*~*~ (stealth).
 21350 | D:13     | 21350 ||| DROPPING ring "Wolyl" {rPois rN+++ Str-5 Int-3
                  | SInv}.
 21351 | D:13     | 21351 ||| UPGRADING to +4 ring of protection.
 21353 | D:13     | 21353 ||| DROPPING ring of protection from cold.
 21354 | D:13     | 21354 ||| DROPPING +6 ring of dexterity.
 21363 | D:14     | 21363 ||| Stepping ~*~*~tactically~*~*~ (hiding).
 21364 | D:14     | 21364 ||| Stepping ~*~*~tactically~*~*~ (hiding).
 21551 | D:14     | 21551 ||| Stepping ~*~*~tactically~*~*~ (stealth).
 21554 | D:14     | 21554 ||| Stepping ~*~*~tactically~*~*~ (stealth).
 21559 | D:14     | Reached XP level 15. HP: 136/136 MP: 14/14
 21559 | D:14     | 21559 ||| Stepping ~*~*~tactically~*~*~ (stealth).
 21561 | D:14     | 21561 ||| Stepping ~*~*~tactically~*~*~ (stealth).
 21735 | D:14     | 21735 ||| INVOKING Trog's Hand.
 21739 | D:14     | 21739 ||| INVOKING Berserk.
 21776 | D:14     | 21776 ||| Stepping ~*~*~tactically~*~*~ (stealth).
 21878 | D:14     | 21878 ||| Stepping ~*~*~tactically~*~*~ (stealth).
 21880 | D:14     | 21880 ||| Stepping ~*~*~tactically~*~*~ (stealth).
 21881 | D:14     | 21881 ||| Stepping ~*~*~tactically~*~*~ (stealth).
 21997 | D:14     | Identified the +3 leather armour of the Realm of Zot
                  | {Rampage rElec Will+ SInv}
 22010 | D:14     | Reached skill level 14 in Fighting
 22011 | D:14     | Found a runed translucent door.
 22015 | D:14     | Noticed Imiczer's ghost (journeyman FoFi)
 22197 | D:14     | Found a gate to the Vaults.
 22199 | D:14     | 22199 ||| SWAPPING to +0 demon whip of venom.
 22200 | D:14     | 22200 ||| INVOKING Berserk.
 22211 | D:14     | Reached skill level 18 in Shields
 22225 | D:14     | 22225 ||| SWAPPING to +5 war axe.
 22237 | D:14     | HP: 34/138 [fire dragon/blast of flame (13)]
 22238 | D:14     | 22238 ||| READING 15 scrolls of teleportation.
 22238 | D:14     | HP: 14/138 [vault guard/+0 great mace (22)]
 22239 | D:14     | 22239 ||| DRINKING 10 potions of heal wounds.
 22240 | D:14     | 22240 ||| DRINKING 9 potions of heal wounds.
 22646 | D:14     | 22646 ||| Stepping ~*~*~tactically~*~*~ (stealth).
 22647 | D:14     | 22647 ||| Stepping ~*~*~tactically~*~*~ (stealth).
 22649 | D:14     | 22649 ||| INVOKING Berserk.
 22938 | D:14     | 22938 ||| UPGRADING to amulet of reflection.
 22948 | D:14     | 22948 ||| DROPPING amulet of regeneration.
 22949 | D:14     | 22949 ||| DROPPING ring of magical power.
 22950 | D:14     | 22950 ||| READING 8 scrolls of identify.
 22950 | D:14     | 22950 ||| IDENTIFYING sapphire potion
 22951 | D:14     | 22951 ||| DROPPING potion of invisibility.
 22963 | D:15     | Entered Level 15 of the Dungeon
 22971 | D:15     | 22971 ||| Stepping ~*~*~tactically~*~*~ (stealth).
 22973 | D:15     | 22973 ||| Stepping ~*~*~tactically~*~*~ (hiding).
 22974 | D:15     | 22974 ||| Stepping ~*~*~tactically~*~*~ (stealth).
 22976 | D:15     | 22976 ||| SWAPPING to +0 demon whip of venom.
 22978 | D:15     | 22978 ||| Stepping ~*~*~tactically~*~*~ (hiding).
 22979 | D:15     | 22979 ||| INVOKING Berserk.
 22987 | D:15     | 22987 ||| SWAPPING to +5 war axe.
 22990 | D:15     | 22990 ||| INVOKING Trog's Hand.
 23076 | D:15     | 23076 ||| Stepping ~*~*~tactically~*~*~ (stealth).
 23091 | D:15     | 23091 ||| INVOKING Trog's Hand.
 23094 | D:15     | 23094 ||| INVOKING Berserk.
 23249 | D:15     | Reached skill level 15 in Fighting
 23263 | D:15     | 23263 ||| INVOKING Berserk.
 23274 | D:15     | 23274 ||| Stepping ~*~*~tactically~*~*~ (stealth).
 23274 | D:15     | Found a staircase to the Depths.
 23277 | D:15     | 23277 ||| FLEEEEING.
 23278 | D:15     | 23278 ||| FLEEEEING.
 23282 | D:15     | 23282 ||| FLEEEEING.
 23469 | D:15     | Found a radiant altar of Vehumet.
 23537 | D:15     | 23537 ||| SWAPPING to +0 broad axe.
 23539 | D:15     | 23539 ||| INVOKING Trog's Hand.
 23547 | D:15     | 23547 ||| INVOKING Berserk.
 23599 | D:15     | 23599 ||| DROPPING +5 war axe.
 23853 | D:15     | 23853 ||| PLANNING ORC
 23853 | D:15     | 23853 ||| READING scroll labelled INGIEC DASACWU.
 24018 | Orc:1    | Entered Level 1 of the Orcish Mines
 24073 | Orc:1    | Found a transporter.
 24074 | Orc:1    | 24074 ||| Stepping ~*~*~tactically~*~*~ (hiding).
 24078 | Orc:1    | Noticed qw's ghost (journeyman MiBe)
 24083 | Orc:1    | 24083 ||| Stepping ~*~*~tactically~*~*~ (stealth).
 24125 | Orc:1    | 24125 ||| Stepping ~*~*~tactically~*~*~ (hiding).
 24126 | Orc:1    | 24126 ||| Stepping ~*~*~tactically~*~*~ (hiding).
 24142 | Orc:1    | Received a gift from Trog
 24144 | Orc:1    | 24144 ||| DROPPING +0 demon whip of venom.
 24336 | Orc:1    | Found a transporter.
 24471 | Orc:2    | Entered Level 2 of the Orcish Mines
 24472 | Orc:2    | 24472 ||| Stepping ~*~*~tactically~*~*~ (hiding).
 24473 | Orc:2    | 24473 ||| Stepping ~*~*~tactically~*~*~ (hiding).
 24475 | Orc:2    | 24475 ||| Stepping ~*~*~tactically~*~*~ (hiding).
 24481 | Orc:2    | 24481 ||| INVOKING Berserk.
 24548 | Orc:2    | 24548 ||| INVOKING Trog's Hand.
 24554 | Orc:2    | 24554 ||| INVOKING Berserk.
 24599 | Orc:2    | 24599 ||| FLEEEEING.
 24600 | Orc:2    | 24600 ||| FLEEEEING.
 24624 | Orc:2    | 24624 ||| Stepping ~*~*~tactically~*~*~ (stealth).
 24627 | Orc:2    | 24627 ||| Stepping ~*~*~tactically~*~*~ (hiding).
 24646 | Orc:2    | Noticed an orc warlord
 24647 | Orc:2    | 24647 ||| INVOKING Brothers in Arms.
 24650 | Orc:2    | Noticed Urug
 24651 | Orc:2    | 24651 ||| INVOKING Berserk.
 24658 | Orc:2    | Killed an orc warlord
 24669 | Orc:2    | Killed Urug
 24676 | Orc:2    | 24676 ||| INVOKING Trog's Hand.
 24683 | Orc:2    | Reached skill level 18 in Axes
 24732 | Orc:2    | Found Bageqics's Antique Weapon Emporium.
 24735 | Orc:2    | Found Sesee's Antique Armour Emporium.
 24744 | Orc:2    | 24744 ||| BUYING distressingly furry plate armour (784
                  | gold).
 24744 | Orc:2    | Bought a distressingly furry plate armour for 784 gold
                  | pieces
 24744 | Orc:2    | Identified the +0 plate armour of Hepliaklqana's Pride
                  | {Harm Rampage Str-3 Dex-5} (You bought it in a shop on
                  | level 2 of the Orcish Mines)
 24744 | Orc:2    | 24744 ||| BUYING shiny chain mail (210 gold).
 24744 | Orc:2    | Bought a shiny chain mail for 210 gold pieces
 24806 | Orc:2    | Noticed Snorg
 24812 | Orc:2    | 24812 ||| INVOKING Berserk.
 24814 | Orc:2    | Killed Snorg
 24880 | Orc:2    | 24880 ||| INVOKING Trog's Hand.
 24884 | Orc:2    | 24884 ||| INVOKING Berserk.
 25066 | Orc:2    | 25066 ||| Stepping ~*~*~tactically~*~*~ (hiding).
 25068 | Orc:2    | 25068 ||| Stepping ~*~*~tactically~*~*~ (hiding).
 25178 | Orc:2    | 25178 ||| Stepping ~*~*~tactically~*~*~ (hiding).
 25216 | Orc:2    | Found a staircase to the Elven Halls.
 25275 | Orc:2    | Found Olal Des's General Store.
 25288 | Orc:2    | 25288 ||| BUYING runed broad axe (175 gold).
 25288 | Orc:2    | Bought a runed broad axe for 175 gold pieces
 25288 | Orc:2    | 25288 ||| DROPPING +0 vorpal broad axe.
 25313 | Orc:2    | Found Tid Fecw's Jewellery Emporium.
 25321 | Orc:2    | 25321 ||| BUYING ring of protection from fire (400 gold).
 25321 | Orc:2    | Bought a ring of protection from fire for 400 gold pieces
 25321 | Orc:2    | 25321 ||| SHOPLISTING ring of protection from fire (400
                  | gold, have 62).
 25510 | Orc:2    | 25510 ||| Stepping ~*~*~tactically~*~*~ (hiding).
 25512 | Orc:2    | 25512 ||| Stepping ~*~*~tactically~*~*~ (hiding).
 25571 | Orc:2    | 25571 ||| PLANNING SHOALS:1-3
 25571 | Orc:2    | 25571 ||| DROPPING +0 plate armour of Hepliaklqana's Pride
                  | {Harm Rampage Str-3 Dex-5}.
 25572 | Orc:2    | 25572 ||| DROPPING +0 chain mail of cold resistance.
 25755 | Shoals:1 | Entered Level 1 of the Shoals
 25789 | Shoals:1 | 25789 ||| INVOKING Berserk.
 25990 | Shoals:1 | 25990 ||| INVOKING Trog's Hand.
 25993 | Shoals:1 | 25993 ||| INVOKING Berserk.
 26120 | Shoals:1 | Noticed Nikola
 26121 | Shoals:1 | 26121 ||| Stepping ~*~*~tactically~*~*~ (hiding).
 26125 | Shoals:1 | 26125 ||| Stepping ~*~*~tactically~*~*~ (hiding).
 26128 | Shoals:1 | 26128 ||| INVOKING Berserk.
 26139 | Shoals:1 | HP: 33/141 [Nikola/bolt of lightning (28)]
 26140 | Shoals:1 | 26140 ||| READING 17 scrolls of teleportation.
 26141 | Shoals:1 | 26141 ||| Stepping ~*~*~tactically~*~*~ (hiding).
 26142 | Shoals:1 | 26142 ||| DRINKING 8 potions of heal wounds.
 26353 | Shoals:1 | HP: 35/141 [Nikola/arc of chain lightning (80)]
 26354 | Shoals:1 | 26354 ||| READING 16 scrolls of teleportation.
 26356 | Shoals:1 | HP: 9/141 [Nikola/arc of chain lightning (28)]
 26357 | Shoals:1 | 26357 ||| DRINKING 7 potions of heal wounds.
 26358 | Shoals:1 | 26358 ||| DRINKING 6 potions of heal wounds.
 26359 | Shoals:1 | 26359 ||| INVOKING Berserk.
 26856 | Shoals:1 | 26856 ||| Stepping ~*~*~tactically~*~*~ (hiding).
 26862 | Shoals:1 | Reached XP level 16. HP: 127/149 MP: 15/15
 27277 | Shoals:1 | Noticed Aizul
 27278 | Shoals:1 | 27278 ||| INVOKING Trog's Hand.
 27281 | Shoals:1 | 27281 ||| INVOKING Berserk.
 27298 | Shoals:1 | Killed Aizul
 27434 | Shoals:1 | 27434 ||| INVOKING Berserk.
 27577 | Shoals:2 | 27577 ||| INVOKING Trog's Hand.
 27579 | Shoals:2 | Found a runed translucent door.
 27593 | Shoals:2 | 27593 ||| INVOKING Berserk.
 27626 | Shoals:2 | Reached skill level 9 in Throwing
 27777 | Shoals:2 | 27777 ||| Stepping ~*~*~tactically~*~*~ (water).
 27829 | Shoals:2 | 27829 ||| Stepping ~*~*~tactically~*~*~ (water).
 27838 | Shoals:2 | 27838 ||| FLEEEEING.
 27840 | Shoals:2 | 27840 ||| FLEEEEING.
 27842 | Shoals:2 | 27842 ||| FLEEEEING.
 27844 | Shoals:2 | 27844 ||| FLEEEEING.
 27846 | Shoals:2 | 27846 ||| FLEEEEING.
 27848 | Shoals:2 | 27848 ||| FLEEEEING.
 27850 | Shoals:2 | 27850 ||| FLEEEEING.
 27852 | Shoals:2 | 27852 ||| FLEEEEING.
 27854 | Shoals:2 | 27854 ||| FLEEEEING.
 27860 | Shoals:2 | 27860 ||| FLEEEEING.
 27861 | Shoals:2 | 27861 ||| FLEEEEING.
 27862 | Shoals:2 | 27862 ||| FLEEEEING.
 27863 | Shoals:2 | 27863 ||| FLEEEEING.
 27864 | Shoals:2 | 27864 ||| FLEEEEING.
 27865 | Shoals:2 | 27865 ||| FLEEEEING.
 27866 | Shoals:2 | 27866 ||| FLEEEEING.
 27867 | Shoals:2 | 27867 ||| INVOKING Trog's Hand.
 27869 | Shoals:2 | 27869 ||| FLEEEEING.
 27871 | Shoals:2 | 27871 ||| FLEEEEING.
 27873 | Shoals:2 | 27873 ||| FLEEEEING.
 27875 | Shoals:2 | 27875 ||| FLEEEEING.
 27877 | Shoals:2 | 27877 ||| FLEEEEING.
 27879 | Shoals:2 | 27879 ||| FLEEEEING.
 27881 | Shoals:2 | 27881 ||| FLEEEEING.
 27883 | Shoals:2 | 27883 ||| FLEEEEING.
 27885 | Shoals:2 | 27885 ||| FLEEEEING.
 27887 | Shoals:2 | 27887 ||| FLEEEEING.
 27994 | Shoals:2 | 27994 ||| FLEEEEING.
 28113 | Shoals:2 | 28113 ||| INVOKING Berserk.
 28135 | Shoals:2 | HP: 37/149 [poisoned by a merfolk]
 28136 | Shoals:2 | 28136 ||| READING 15 scrolls of teleportation.
 28137 | Shoals:2 | 28137 ||| DRINKING 5 potions of heal wounds.
 28142 | Shoals:2 | 28142 ||| Stepping ~*~*~tactically~*~*~ (stealth).
 28155 | Shoals:2 | 28155 ||| Stepping ~*~*~tactically~*~*~ (stealth).
 28197 | Shoals:2 | 28197 ||| Stepping ~*~*~tactically~*~*~ (stealth).
 28198 | Shoals:2 | 28198 ||| Stepping ~*~*~tactically~*~*~ (stealth).
 28204 | Shoals:2 | 28204 ||| Stepping ~*~*~tactically~*~*~ (stealth).
 28205 | Shoals:2 | 28205 ||| FLEEEEING.
 28207 | Shoals:2 | 28207 ||| FLEEEEING.
 28208 | Shoals:2 | 28208 ||| Stepping ~*~*~tactically~*~*~ (stealth).
 28218 | Shoals:2 | 28218 ||| INVOKING Berserk.
 28523 | Shoals:2 | 28523 ||| INVOKING Berserk.
 28954 | Shoals:2 | Noticed Ilsuiw
 28955 | Shoals:2 | 28955 ||| Stepping ~*~*~tactically~*~*~ (hiding).
 28956 | Shoals:2 | 28956 ||| Stepping ~*~*~tactically~*~*~ (hiding).
 28959 | Shoals:2 | 28959 ||| INVOKING Berserk.
 28978 | Shoals:2 | Killed Ilsuiw
 28979 | Shoals:2 | Reached skill level 16 in Fighting
 29280 | Shoals:2 | 29280 ||| DROPPING scarf of shadows.
 29331 | Shoals:3 | 29331 ||| INVOKING Berserk.
 29351 | Shoals:3 | 29351 ||| INVOKING Brothers in Arms.
 29360 | Shoals:3 | 29360 ||| Stepping ~*~*~tactically~*~*~ (water).
 29365 | Shoals:3 | 29365 ||| INVOKING Brothers in Arms.
 29378 | Shoals:3 | 29378 ||| INVOKING Berserk.
 29468 | Shoals:3 | 29468 ||| INVOKING Berserk.
 29502 | Shoals:3 | HP: 36/151 [merfolk/+0 trident (15)]
 29503 | Shoals:3 | 29503 ||| READING 14 scrolls of teleportation.
 29504 | Shoals:3 | 29504 ||| DRINKING 5 potions of heal wounds.
 29507 | Shoals:3 | 29507 ||| STAIRDANCE
 29507 | Shoals:3 | HP: 34/151 [merfolk impaler/+0 trident of protection (3)]
 29875 | Shoals:3 | 29875 ||| INVOKING Berserk.
 30029 | Shoals:3 | 30029 ||| Stepping ~*~*~tactically~*~*~ (water).
 30135 | Shoals:3 | 30135 ||| INVOKING Berserk.
 30231 | Shoals:3 | 30231 ||| Stepping ~*~*~tactically~*~*~ (hiding).
 30234 | Shoals:3 | 30234 ||| Stepping ~*~*~tactically~*~*~ (hiding).
 30241 | Shoals:3 | 30241 ||| INVOKING Berserk.
 30734 | Shoals:3 | 30734 ||| PLANNING SPIDER:1-3
 30750 | Shoals:1 | 30750 ||| Stepping ~*~*~tactically~*~*~ (stealth).
 30751 | Shoals:1 | 30751 ||| Stepping ~*~*~tactically~*~*~ (stealth).
 30796 | Spider:1 | Entered Level 1 of the Spider Nest
 30862 | Spider:1 | Identified the +8 flail of Terra Nullius {vorpal, rPois rF+
                  | Will+ Dex-5}
 30913 | Spider:1 | Reached skill level 17 in Fighting
 30925 | Spider:1 | 30925 ||| Stepping ~*~*~tactically~*~*~ (stealth).
 30926 | Spider:1 | 30926 ||| Stepping ~*~*~tactically~*~*~ (stealth).
 30927 | Spider:1 | 30927 ||| Stepping ~*~*~tactically~*~*~ (stealth).
 30930 | Spider:1 | 30930 ||| Stepping ~*~*~tactically~*~*~ (hiding).
 31105 | Spider:1 | 31105 ||| Stepping ~*~*~tactically~*~*~ (stealth).
 31215 | Spider:1 | 31215 ||| INVOKING Brothers in Arms.
 31236 | Spider:1 | 31236 ||| INVOKING Brothers in Arms.
 31240 | Spider:1 | 31240 ||| INVOKING Berserk.
 31369 | Spider:1 | 31369 ||| INVOKING Berserk.
 31491 | Spider:1 | 31491 ||| INVOKING Brothers in Arms.
 31492 | Spider:1 | 31492 ||| INVOKING Brothers in Arms.
 31493 | Spider:1 | 31493 ||| INVOKING Brothers in Arms.
 31497 | Spider:1 | 31497 ||| INVOKING Berserk.
 31499 | Spider:1 | Reached skill level 15 in Armour
 31522 | Spider:1 | 31522 ||| INVOKING Brothers in Arms.
 31691 | Spider:1 | 31691 ||| INVOKING Brothers in Arms.
 32194 | Spider:2 | 32194 ||| Stepping ~*~*~tactically~*~*~ (stealth).
 32215 | Spider:2 | 32215 ||| FLEEEEING.
 32216 | Spider:2 | 32216 ||| FLEEEEING.
 32406 | Spider:2 | Reached XP level 17. HP: 158/161 MP: 16/16
 32517 | Spider:2 | 32517 ||| Stepping ~*~*~tactically~*~*~ (stealth).
 32518 | Spider:2 | 32518 ||| DRINKING 4 potions of resistance.
 32623 | Spider:2 | 32623 ||| Stepping ~*~*~tactically~*~*~ (stealth).
 32624 | Spider:2 | 32624 ||| Stepping ~*~*~tactically~*~*~ (stealth).
 32625 | Spider:2 | 32625 ||| Stepping ~*~*~tactically~*~*~ (stealth).
 32628 | Spider:2 | 32628 ||| Stepping ~*~*~tactically~*~*~ (stealth).
 32673 | Spider:2 | 32673 ||| INVOKING Brothers in Arms.
 32674 | Spider:2 | 32674 ||| INVOKING Brothers in Arms.
 33107 | Spider:2 | Reached skill level 18 in Fighting
 33356 | Spider:2 | 33356 ||| Stepping ~*~*~tactically~*~*~ (stealth).
 33565 | Spider:3 | 33565 ||| DRINKING 3 potions of resistance.
 33681 | Spider:3 | Noticed Agnes
 33682 | Spider:3 | 33682 ||| Stepping ~*~*~tactically~*~*~ (stealth).
 33684 | Spider:3 | 33684 ||| INVOKING Berserk.
 33690 | Spider:3 | Killed Agnes
 33856 | Spider:3 | 33856 ||| Stepping ~*~*~tactically~*~*~ (hiding).
 33857 | Spider:3 | 33857 ||| INVOKING Berserk.
 34079 | Spider:3 | 34079 ||| DROPPING +2 war axe of freezing.
 34167 | Spider:3 | 34167 ||| INVOKING Berserk.
 34356 | Spider:3 | 34356 ||| PLANNING SHOALS:4
 34527 | Shoals:4 | Entered Level 4 of the Shoals
 34578 | Shoals:4 | 34578 ||| FLEEEEING.
 34579 | Shoals:4 | 34579 ||| STAIRDANCE
 34701 | Shoals:4 | 34701 ||| INVOKING Berserk.
 34777 | Shoals:4 | 34777 ||| INVOKING Trog's Hand.
 34783 | Shoals:4 | 34783 ||| INVOKING Berserk.
 34812 | Shoals:4 | 34812 ||| Stepping ~*~*~tactically~*~*~ (water).
 34816 | Shoals:4 | 34816 ||| INVOKING Trog's Hand.
 34820 | Shoals:4 | 34820 ||| Stepping ~*~*~tactically~*~*~ (water).
 34835 | Shoals:4 | 34835 ||| INVOKING Berserk.
 35006 | Shoals:4 | Got a barnacled rune of Zot
 35197 | Shoals:4 | 35197 ||| INVOKING Berserk.
 35263 | Shoals:4 | 35263 ||| Stepping ~*~*~tactically~*~*~ (water).
 35267 | Shoals:4 | 35267 ||| INVOKING Berserk.
 35432 | Shoals:4 | 35432 ||| Stepping ~*~*~tactically~*~*~ (hiding).
 35447 | Shoals:4 | 35447 ||| INVOKING Berserk.
 35608 | Shoals:4 | 35608 ||| Stepping ~*~*~tactically~*~*~ (hiding).
 35609 | Shoals:4 | 35609 ||| Stepping ~*~*~tactically~*~*~ (hiding).
 35610 | Shoals:4 | 35610 ||| Stepping ~*~*~tactically~*~*~ (hiding).
 35611 | Shoals:4 | 35611 ||| Stepping ~*~*~tactically~*~*~ (hiding).
 35612 | Shoals:4 | 35612 ||| Stepping ~*~*~tactically~*~*~ (hiding).
 35612 | Shoals:4 | Identified the ring of Xom's Entertainment {rElec MP+9}
 35613 | Shoals:4 | 35613 ||| Stepping ~*~*~tactically~*~*~ (hiding).
 35615 | Shoals:4 | 35615 ||| INVOKING Berserk.
 35641 | Shoals:4 | 35641 ||| Stepping ~*~*~tactically~*~*~ (hiding).
 35669 | Shoals:4 | 35669 ||| INVOKING Berserk.
 35684 | Shoals:4 | 35684 ||| Stepping ~*~*~tactically~*~*~ (stealth).
 35686 | Shoals:4 | 35686 ||| Stepping ~*~*~tactically~*~*~ (stealth).
 35790 | Shoals:4 | 35790 ||| INVOKING Berserk.
 35854 | Shoals:4 | 35854 ||| Stepping ~*~*~tactically~*~*~ (water).
 35956 | Shoals:4 | 35956 ||| INVOKING Trog's Hand.
 35957 | Shoals:4 | 35957 ||| FLEEEEING.
 35958 | Shoals:4 | 35958 ||| FLEEEEING.
 35959 | Shoals:4 | 35959 ||| FLEEEEING.
 35960 | Shoals:4 | 35960 ||| FLEEEEING.
 35961 | Shoals:4 | 35961 ||| FLEEEEING.
 35963 | Shoals:4 | 35963 ||| FLEEEEING.
 35965 | Shoals:4 | 35965 ||| FLEEEEING.
 35967 | Shoals:4 | 35967 ||| FLEEEEING.
 35975 | Shoals:4 | 35975 ||| INVOKING Trog's Hand.
 36137 | Shoals:4 | 36137 ||| Stepping ~*~*~tactically~*~*~ (hiding).
 36148 | Shoals:4 | 36148 ||| Stepping ~*~*~tactically~*~*~ (water).
 36402 | Shoals:4 | 36402 ||| PLANNING VAULTS:1-4
 36480 | Shoals:1 | 36480 ||| INVOKING Berserk.
 36491 | Shoals:1 | Killed Nikola
 36594 | Shoals:1 | 36594 ||| DROPPING +0 cloak.
 36763 | Vaults:1 | Entered Level 1 of the Vaults
 36776 | Vaults:1 | 36776 ||| Stepping ~*~*~tactically~*~*~ (hiding).
 37073 | Vaults:1 | 37073 ||| Stepping ~*~*~tactically~*~*~ (hiding).
 37075 | Vaults:1 | 37075 ||| Stepping ~*~*~tactically~*~*~ (hiding).
 37077 | Vaults:1 | 37077 ||| Stepping ~*~*~tactically~*~*~ (hiding).
 37116 | Vaults:1 | 37116 ||| DRINKING 2 potions of resistance.
 37134 | Vaults:1 | 37134 ||| Stepping ~*~*~tactically~*~*~ (hiding).
 37140 | Vaults:1 | Reached skill level 19 in Fighting
 37221 | Vaults:1 | 37221 ||| Stepping ~*~*~tactically~*~*~ (hiding).
 37535 | Vaults:1 | 37535 ||| Stepping ~*~*~tactically~*~*~ (hiding).
 37537 | Vaults:1 | 37537 ||| Stepping ~*~*~tactically~*~*~ (hiding).
 37538 | Vaults:1 | 37538 ||| Stepping ~*~*~tactically~*~*~ (hiding).
 37761 | Vaults:1 | You fall into a shaft and drop 1 floor!
 37762 | Vaults:2 | 37762 ||| PLANNING BAZAAR
 37768 | Vaults:2 | 37768 ||| INVOKING Trog's Hand.
 37790 | Vaults:2 | 37790 ||| INVOKING Trog's Hand.
 37792 | Vaults:2 | 37792 ||| DRINKING potion of resistance.
 37802 | Vaults:2 | Received a gift from Trog
 37803 | Vaults:2 | Reached XP level 18. HP: 174/176 MP: 17/17
 37935 | Vaults:2 | 37935 ||| DROPPING +7 hand axe of flaming.
 38492 | Vaults:2 | 38492 ||| Stepping ~*~*~tactically~*~*~ (stealth).
 38493 | Vaults:2 | 38493 ||| Stepping ~*~*~tactically~*~*~ (stealth).
 38496 | Vaults:2 | 38496 ||| Stepping ~*~*~tactically~*~*~ (stealth).
 38688 | Vaults:2 | Found a flickering gateway to a bazaar.
 38697 | Bazaar   | Entered a bazaar
 38701 | Bazaar   | Found Rahigice's Antique Armour Shop.
 38706 | Bazaar   | 38706 ||| BUYING pair of embroidered boots (165 gold).
 38706 | Bazaar   | Bought a pair of embroidered boots for 165 gold pieces
 38706 | Bazaar   | 38706 ||| BUYING runed cloak (165 gold).
 38706 | Bazaar   | Bought a runed cloak for 165 gold pieces
 38714 | Bazaar   | Found Rise's Armour Shop.
 38727 | Bazaar   | Found Lapre's Book Boutique.
 38759 | Bazaar   | Found Atel's Book Shop.
 38771 | Bazaar   | 38771 ||| UPGRADING to +1 pair of boots of flying.
 38781 | Bazaar   | 38781 ||| DROPPING +0 pair of boots.
 38782 | Bazaar   | 38782 ||| DROPPING +2 cloak.
 38788 | Vaults:2 | 38788 ||| PLANNING VAULTS:1-4
 38861 | Vaults:1 | 38861 ||| INVOKING Trog's Hand.
 38871 | Vaults:1 | Reached skill level 20 in Fighting
 39030 | Vaults:1 | 39030 ||| INVOKING Trog's Hand.
 39062 | Vaults:1 | 39062 ||| Stepping ~*~*~tactically~*~*~ (stealth).
 39161 | Vaults:1 | 39161 ||| Stepping ~*~*~tactically~*~*~ (stealth).
 39197 | Vaults:1 | 39197 ||| INVOKING Trog's Hand.
 39246 | Vaults:1 | 39246 ||| Stepping ~*~*~tactically~*~*~ (stealth).
 39480 | Vaults:1 | 39480 ||| READING scroll of enchant weapon.
 39480 | Vaults:1 | 39480 ||| ENCHANTING +0 broad axe of draining.
 39749 | Vaults:2 | Received a gift from Trog
 39834 | Vaults:2 | 39834 ||| Stepping ~*~*~tactically~*~*~ (stealth).
 39953 | Vaults:2 | 39953 ||| INVOKING Trog's Hand.
 40165 | Vaults:2 | 40165 ||| INVOKING Brothers in Arms.
 40166 | Vaults:2 | 40166 ||| INVOKING Berserk.
 40373 | Vaults:2 | 40373 ||| UPGRADING to +4 plate armour.
 40383 | Vaults:2 | 40383 ||| DROPPING +0 plate armour.
 40384 | Vaults:2 | 40384 ||| DROPPING +6 ring of strength.
 40475 | Vaults:3 | 40475 ||| Stepping ~*~*~tactically~*~*~ (stealth).
 40476 | Vaults:3 | 40476 ||| Stepping ~*~*~tactically~*~*~ (hiding).
 40477 | Vaults:3 | 40477 ||| Stepping ~*~*~tactically~*~*~ (stealth).
 40478 | Vaults:3 | 40478 ||| Stepping ~*~*~tactically~*~*~ (hiding).
 40479 | Vaults:3 | 40479 ||| Stepping ~*~*~tactically~*~*~ (hiding).
 40602 | Vaults:3 | 40602 ||| Stepping ~*~*~tactically~*~*~ (hiding).
 40614 | Vaults:3 | Reached skill level 18 in Armour
 40662 | Vaults:3 | Found a staircase to the Crypt.
 40663 | Vaults:3 | 40663 ||| INVOKING Trog's Hand.
 40695 | Vaults:3 | 40695 ||| INVOKING Berserk.
 41073 | Vaults:3 | Reached skill level 21 in Shields
 41147 | Vaults:3 | 41147 ||| INVOKING Trog's Hand.
 41159 | Vaults:3 | 41159 ||| FLEEEEING.
 41160 | Vaults:3 | 41160 ||| FLEEEEING.
 41172 | Vaults:3 | 41172 ||| INVOKING Berserk.
 41200 | Vaults:3 | Reached XP level 19. HP: 166/181 MP: 18/18
 41211 | Vaults:3 | 41211 ||| Stepping ~*~*~tactically~*~*~ (hiding).
 41212 | Vaults:3 | 41212 ||| Stepping ~*~*~tactically~*~*~ (hiding).
 41213 | Vaults:3 | 41213 ||| Stepping ~*~*~tactically~*~*~ (hiding).
 41498 | Vaults:3 | 41498 ||| Stepping ~*~*~tactically~*~*~ (stealth).
 41567 | Vaults:3 | 41567 ||| INVOKING Trog's Hand.
 41586 | Vaults:3 | Reached skill level 21 in Fighting
 41674 | Vaults:3 | 41674 ||| Stepping ~*~*~tactically~*~*~ (stealth).
 41678 | Vaults:3 | 41678 ||| Stepping ~*~*~tactically~*~*~ (stealth).
 41705 | Vaults:3 | 41705 ||| INVOKING Trog's Hand.
 41706 | Vaults:3 | 41706 ||| INVOKING Brothers in Arms.
 41707 | Vaults:3 | 41707 ||| INVOKING Berserk.
 41785 | Vaults:3 | 41785 ||| Stepping ~*~*~tactically~*~*~ (stealth).
 41827 | Vaults:3 | 41827 ||| Stepping ~*~*~tactically~*~*~ (stealth).
 41918 | Vaults:3 | 41918 ||| Stepping ~*~*~tactically~*~*~ (hiding).
 41923 | Vaults:3 | 41923 ||| INVOKING Brothers in Arms.
 41924 | Vaults:3 | 41924 ||| INVOKING Berserk.
 42102 | Vaults:3 | 42102 ||| Stepping ~*~*~tactically~*~*~ (stealth).
 42214 | Vaults:3 | 42214 ||| Stepping ~*~*~tactically~*~*~ (hiding).
 42218 | Vaults:3 | 42218 ||| INVOKING Brothers in Arms.
 42219 | Vaults:3 | 42219 ||| INVOKING Brothers in Arms.
 42220 | Vaults:3 | 42220 ||| INVOKING Brothers in Arms.
 42222 | Vaults:3 | 42222 ||| INVOKING Brothers in Arms.
 42223 | Vaults:3 | 42223 ||| INVOKING Berserk.
 42846 | Vaults:4 | 42846 ||| Stepping ~*~*~tactically~*~*~ (hiding).
 42851 | Vaults:4 | 42851 ||| Stepping ~*~*~tactically~*~*~ (hiding).
 42870 | Vaults:4 | Reached skill level 12 in Throwing
 42900 | Vaults:4 | 42900 ||| INVOKING Trog's Hand.
 43004 | Vaults:4 | Reached skill level 12 in Dodging
 43105 | Vaults:4 | 43105 ||| Stepping ~*~*~tactically~*~*~ (stealth).
 43107 | Vaults:4 | 43107 ||| Stepping ~*~*~tactically~*~*~ (hiding).
 43111 | Vaults:4 | 43111 ||| INVOKING Brothers in Arms.
 43114 | Vaults:4 | 43114 ||| INVOKING Berserk.
 43391 | Vaults:4 | 43391 ||| Stepping ~*~*~tactically~*~*~ (hiding).
 43449 | Vaults:4 | 43449 ||| Stepping ~*~*~tactically~*~*~ (stealth).
 43451 | Vaults:4 | 43451 ||| Stepping ~*~*~tactically~*~*~ (hiding).
 43485 | Vaults:4 | 43485 ||| Stepping ~*~*~tactically~*~*~ (hiding).
 43675 | Vaults:4 | 43675 ||| READING scroll of enchant weapon.
 43675 | Vaults:4 | 43675 ||| ENCHANTING +1 broad axe of draining.
 43703 | Vaults:4 | 43703 ||| Stepping ~*~*~tactically~*~*~ (stealth).
 43768 | Vaults:4 | 43768 ||| READING 20 scrolls of teleportation.
 43798 | Vaults:4 | 43798 ||| FLEEEEING.
 43799 | Vaults:4 | 43799 ||| FLEEEEING.
 43800 | Vaults:4 | 43800 ||| FLEEEEING.
 43801 | Vaults:4 | 43801 ||| FLEEEEING.
 43802 | Vaults:4 | 43802 ||| FLEEEEING.
 43803 | Vaults:4 | 43803 ||| FLEEEEING.
 43804 | Vaults:4 | 43804 ||| FLEEEEING.
 43805 | Vaults:4 | 43805 ||| FLEEEEING.
 43806 | Vaults:4 | 43806 ||| FLEEEEING.
 43807 | Vaults:4 | 43807 ||| FLEEEEING.
 43808 | Vaults:4 | 43808 ||| FLEEEEING.
 43809 | Vaults:4 | 43809 ||| FLEEEEING.
 43810 | Vaults:4 | 43810 ||| FLEEEEING.
 43811 | Vaults:4 | 43811 ||| FLEEEEING.
 43812 | Vaults:4 | 43812 ||| FLEEEEING.
 43813 | Vaults:4 | 43813 ||| FLEEEEING.
 43814 | Vaults:4 | 43814 ||| FLEEEEING.
 43816 | Vaults:4 | 43816 ||| STAIRDANCE
 43922 | Vaults:4 | 43922 ||| INVOKING Trog's Hand.
 44033 | Vaults:4 | 44033 ||| Stepping ~*~*~tactically~*~*~ (hiding).
 44034 | Vaults:4 | 44034 ||| Stepping ~*~*~tactically~*~*~ (hiding).
 44043 | Vaults:4 | Reached skill level 22 in Fighting
 44399 | Vaults:4 | 44399 ||| Stepping ~*~*~tactically~*~*~ (stealth).
 44423 | Vaults:4 | 44423 ||| INVOKING Trog's Hand.
 44429 | Vaults:4 | 44429 ||| INVOKING Brothers in Arms.
 44432 | Vaults:4 | 44432 ||| INVOKING Brothers in Arms.
 44561 | Vaults:4 | 44561 ||| PLANNING SPIDER:4
 44880 | Spider:4 | Entered Level 4 of the Spider Nest
 44883 | Spider:4 | 44883 ||| FLEEEEING.
 44885 | Spider:4 | 44885 ||| Stepping ~*~*~tactically~*~*~ (stealth).
 44913 | Spider:4 | 44913 ||| Stepping ~*~*~tactically~*~*~ (stealth).
 44919 | Spider:4 | 44919 ||| INVOKING Brothers in Arms.
 44967 | Spider:4 | 44967 ||| Stepping ~*~*~tactically~*~*~ (stealth).
 45022 | Spider:4 | 45022 ||| INVOKING Brothers in Arms.
 45030 | Spider:4 | Reached XP level 20. HP: 195/200 MP: 19/19
 45064 | Spider:4 | 45064 ||| Stepping ~*~*~tactically~*~*~ (hiding).
 45113 | Spider:4 | 45113 ||| Stepping ~*~*~tactically~*~*~ (stealth).
 45139 | Spider:4 | 45139 ||| READING 20 scrolls of teleportation.
 45140 | Spider:4 | 45140 ||| Stepping randomly (stuck).
 45287 | Spider:4 | 45287 ||| INVOKING Brothers in Arms.
 45288 | Spider:4 | 45288 ||| INVOKING Brothers in Arms.
 45417 | Spider:4 | 45417 ||| Stepping ~*~*~tactically~*~*~ (hiding).
 45420 | Spider:4 | 45420 ||| Stepping ~*~*~tactically~*~*~ (hiding).
 45802 | Spider:4 | 45802 ||| Stepping ~*~*~tactically~*~*~ (hiding).
 45805 | Spider:4 | 45805 ||| Stepping ~*~*~tactically~*~*~ (hiding).
 45828 | Spider:4 | 45828 ||| Stepping ~*~*~tactically~*~*~ (stealth).
 45829 | Spider:4 | 45829 ||| INVOKING Brothers in Arms.
 45833 | Spider:4 | 45833 ||| INVOKING Berserk.
 45854 | Spider:4 | 45854 ||| INVOKING Brothers in Arms.
 45977 | Spider:4 | 45977 ||| READING scroll of enchant armour.
 45977 | Spider:4 | 45977 ||| ENCHANTING +1 pair of boots of flying.
 45995 | Spider:4 | 45995 ||| Stepping ~*~*~tactically~*~*~ (stealth).
 46051 | Spider:4 | 46051 ||| INVOKING Brothers in Arms.
 46232 | Spider:4 | 46232 ||| Stepping ~*~*~tactically~*~*~ (hiding).
 46404 | Spider:4 | 46404 ||| INVOKING Brothers in Arms.
 46412 | Spider:4 | 46412 ||| INVOKING Berserk.
 46501 | Spider:4 | Got a gossamer rune of Zot
 46535 | Spider:4 | 46535 ||| PLANNING DEPTHS
 46535 | Spider:4 | 46535 ||| DROPPING scarf of harm.
 46536 | Spider:4 | 46536 ||| DROPPING scarf of shadows.
 46774 | Depths:1 | Entered Level 1 of the Depths
 46775 | Depths:1 | 46775 ||| INVOKING Brothers in Arms.
 46776 | Depths:1 | 46776 ||| INVOKING Brothers in Arms.
 46960 | Depths:1 | 46960 ||| Stepping ~*~*~tactically~*~*~ (hiding).
 46988 | Depths:1 | 46988 ||| READING 19 scrolls of teleportation.
 46992 | Depths:1 | 46992 ||| INVOKING Brothers in Arms.
 46994 | Depths:1 | 46994 ||| INVOKING Berserk.
 47344 | Depths:1 | Identified the +4 hat of Vanity {-Tele rElec rF- SInv}
 47378 | Depths:1 | 47378 ||| READING 19 scrolls of teleportation.
 47412 | Depths:1 | 47412 ||| INVOKING Brothers in Arms.
 47413 | Depths:1 | 47413 ||| INVOKING Berserk.
 47654 | Depths:1 | Found a sacrificial altar of Ru.
 47750 | Depths:1 | Found a gateway to Hell.
 48140 | Depths:2 | 48140 ||| STAIRDANCE
 48146 | Depths:1 | Reached skill level 23 in Fighting
 48154 | Depths:2 | 48154 ||| STAIRDANCE
 48172 | Depths:2 | 48172 ||| STAIRDANCE
 48197 | Depths:2 | 48197 ||| STAIRDANCE
 48199 | Depths:1 | 48199 ||| INVOKING Brothers in Arms.
 48200 | Depths:1 | 48200 ||| INVOKING Berserk.
 48340 | Depths:2 | 48340 ||| INVOKING Brothers in Arms.
 48343 | Depths:2 | 48343 ||| INVOKING Trog's Hand.
 48343 | Depths:2 | Noticed a juggernaut
 48344 | Depths:2 | 48344 ||| INVOKING Berserk.
 48364 | Depths:2 | Killed a juggernaut
 48437 | Depths:2 | 48437 ||| Stepping ~*~*~tactically~*~*~ (stealth).
 48442 | Depths:2 | 48442 ||| Stepping ~*~*~tactically~*~*~ (hiding).
 48443 | Depths:2 | 48443 ||| Stepping ~*~*~tactically~*~*~ (hiding).
 48445 | Depths:2 | 48445 ||| INVOKING Berserk.
 48486 | Depths:2 | 48486 ||| Stepping ~*~*~tactically~*~*~ (stealth).
 48496 | Depths:2 | 48496 ||| Stepping ~*~*~tactically~*~*~ (stealth).
 48688 | Depths:2 | 48688 ||| Stepping ~*~*~tactically~*~*~ (hiding).
 48707 | Depths:2 | 48707 ||| Stepping ~*~*~tactically~*~*~ (hiding).
 48708 | Depths:2 | 48708 ||| INVOKING Brothers in Arms.
 48709 | Depths:2 | 48709 ||| INVOKING Berserk.
 48717 | Depths:2 | Identified the +0 chain mail of Darkness {*Corrode rPois
                  | Str+4}
 48725 | Depths:2 | Reached skill level 21 in Armour
 48727 | Depths:2 | Reached XP level 21. HP: 211/211 MP: 20/20
 48751 | Depths:2 | 48751 ||| INVOKING Trog's Hand.
 48752 | Depths:2 | 48752 ||| INVOKING Brothers in Arms.
 48752 | Depths:2 | HP: 49/211 [spriggan air mage/the air (6)]
 48753 | Depths:2 | 48753 ||| READING 19 scrolls of teleportation.
 48753 | Depths:2 | HP: 24/211 [deep troll earth mage/blast of rock fragments[a
                  | glowing orange brain] (16)]
 48754 | Depths:2 | 48754 ||| DRINKING 6 potions of heal wounds.
 48755 | Depths:2 | 48755 ||| DRINKING 5 potions of heal wounds.
 48835 | Depths:2 | 48835 ||| INVOKING Trog's Hand.
 48839 | Depths:2 | 48839 ||| Stepping ~*~*~tactically~*~*~ (hiding).
 48847 | Depths:2 | 48847 ||| Stepping ~*~*~tactically~*~*~ (hiding).
 48850 | Depths:2 | 48850 ||| Stepping ~*~*~tactically~*~*~ (hiding).
 48871 | Depths:2 | 48871 ||| INVOKING Berserk.
 48892 | Depths:2 | Identified the +1 hand axe of Hiedoysi {vorpal, rC- rN+
                  | Dex+5}
 48893 | Depths:2 | 48893 ||| Stepping ~*~*~tactically~*~*~ (stealth).
 48951 | Depths:2 | 48951 ||| Stepping ~*~*~tactically~*~*~ (stealth).
 48954 | Depths:2 | 48954 ||| Stepping ~*~*~tactically~*~*~ (stealth).
 48966 | Depths:2 | 48966 ||| INVOKING Berserk.
 48988 | Depths:2 | 48988 ||| INVOKING Trog's Hand.
 48995 | Depths:2 | HP: 35/211 [tengu conjurer/bolt of lightning[a glowing
                  | orange brain] (29)]
 48996 | Depths:2 | 48996 ||| READING 18 scrolls of teleportation.
 48996 | Depths:2 | HP: 11/211 [fire giant/bolt of fire[a glowing orange brain]
                  | (11)]
 48997 | Depths:2 | 48997 ||| DRINKING 4 potions of heal wounds.
 49003 | Depths:2 | 49003 ||| READING 17 scrolls of teleportation.
 49004 | Depths:2 | 49004 ||| DRINKING 3 potions of heal wounds.
 49016 | Depths:2 | 49016 ||| FLEEEEING.
 49017 | Depths:2 | 49017 ||| FLEEEEING.
 49018 | Depths:2 | 49018 ||| FLEEEEING.
 49019 | Depths:2 | 49019 ||| FLEEEEING.
 49024 | Depths:2 | 49024 ||| INVOKING Berserk.
 49051 | Depths:2 | HP: 21/212 [tengu reaver/bolt of lightning (43)]
 49052 | Depths:2 | 49052 ||| READING 16 scrolls of teleportation.
 49052 | Depths:2 | Killed from afar by a tengu reaver

Levels and vault maps discovered:
D:1:      eino_arrival_tree_alley, layout_basic, minmay_misc_feat_tower
D:2:      layout_loops_ring, basic_ecumenical_altar
D:3:      layout_loops_cross, fedhas_altar_2, portal_sewer_entry_a, uniq_ijyb,
          uniq_sigmund
D:4:      layout_cave_pools, st_stairs_3, minmay_misc_feat_plants,
          grunt_decor_one_mirror, uniq_pikel
D:5:      layout_loops_ring
D:6:      layout_layer_cave, temple_pool_b, serial_shops, kennysheep_mini_moat,
          uniq_edmund
D:7:      layout_cave_pools
D:8:      layout_rooms, kb_rosetta
D:9:      layout_loops_cross, hiddenorc1_lemuel, serial_undead, serial_undead_f,
          serial_undead_e, serial_undead_d, serial_undead_b
D:10:     layout_small_grid, kennysheep_ying_yang, serial_shops, shop,
          serial_bayou_pond_b, kennysheep_opposing_triangles
D:11:     layout_basic, david_lair_generic, gauntlet_entry_generic
D:12:     layout_basic, uniq_fannar
D:13:     layout_long_grid
D:14:     layout_layer_cave, lightli_vaults_fourway_checkpoint,
          minmay_misc_feat_four_crosses, gammafunk_ghost_grave, minmay_librarian
D:15:     grunt_enter_depths_giant_problem, layout_small_grid, vehumet_crystals
Lair:1:   lemuel_slime, layout_cave_pods, portal_ice_cave_entry_ice_simulacra,
          grunt_forest_large_clearings, serial_bayou_shore_a, uniq_joseph,
          uniq_gastronok, uniq_nergalle, uniq_amaemon
Lair:2:   layout_misc_corridors, lemuel_fruit_fields
Lair:3:   layout_cave_pods, minmay_shoals_entry_hut, spider_nest_entry_webs,
          uniq_sonja, uniq_prince_ribbit2, uniq_josephine, uniq_nessos
Lair:4:   layout_regular_city, slime_entry_1, uniq_rupert
Lair:5:   hangedman_lair_in_review, layout_cave_pods, guppyfry_lair_end_dragon,
          kilobyte_rumbling_trees
Shoals:1: layout_shoals, uniq_nikola, uniq_aizul
Shoals:2: layout_shoals, lightli_airlock, uniq_ilsuiw
Shoals:3: layout_shoals, nicolae_shoals_aquamancer_cove
Shoals:4: shoals_end_grunt_ice, layout_shoals
Spider:1: nicolae_spider_hall_of_the_moth_king
Spider:2: layout_cave_pods, nicolae_spider_checkerboard
Spider:3: layout_spider_delve, uniq_agnes
Spider:4: spider_rune_water, drop_trap, hangedman_stitches_earthworm
Orc:1:    layout_caves, gammafunk_ghost_stat_death
Orc:2:    grunt_orc_cross, layout_caves, uniq_snorg
Vaults:1: nicolae_vaults_shelves_hall, grunt_vaults_bifocal,
          hangedman_vaults_locks, hangedman_vaults_hat, vaults_room_grid,
          v_alt_pattern_1, vaults_mumra_lcd, ontoclasm_vaults_pinch,
          hangedman_vaults_trim, vaults_dpeg_ring,
          nicolae_vaults_windows_and_doors_thing, vaults_room_door_hall,
          grunt_vaults_hallway_short, layout_vaults_quadrants
Vaults:2: v_alt_pattern_3, hangedman_vaults_trim,
          hangedman_vaults_corner_blocks, nicolae_vaults_network_square,
          v_misc_8, dpeg_vaults_monster_box, vaults_room_stairs_pillars,
          vaults_room_stairs_pillars, nicolae_vaults_little_squares_6,
          v_misc_22, serial_ice_g, layout_vaults_big_room, serial_shops,
          bzr_entry_lakeside
Vaults:3: grunt_vaults_hallway_short, hangedman_vaults_snaps,
          hangedman_vaults_river_flow, v_misc_1, v_alt_pattern_1,
          hangedman_vaults_trim, nicolae_vaults_network_star,
          hangedman_vaults_pinch, minmay_crypt_entry_simple_sparse,
          v_alt_pattern_1, vaults_dpeg_emergency_exit,
          ontoclasm_vaults_decontamination, layout_vaults_ring
Vaults:4: v_rooms_1, nicolae_vaults_back_hallway, hangedman_vaults_variations,
          vaults_mumra_chevron_long, v_rooms_5,
          nicolae_vaults_diagonal_hallway_8, ontoclasm_vaults_misaligned,
          st_cross, ontoclasm_vaults_fault, nicolae_vaults_mini_display_case,
          nicolae_vaults_theta, vaults_dpeg_encased_lava, ontoclasm_vaults_chip,
          ontoclasm_vaults_chip, layout_vaults_omnicross
Depths:1: layout_gridlike, grunt_hell_entry_dis_grunt, serial_bayou_shore_b,
          nicolae_ru_the_path_less_chosen
Depths:2: minmay_heptahexagon, layout_cave_pools, hell_entry,
          nicolae_wu_jian_immortal_techniques, grunt_pan_entry_in_and_out

Skill      XL: |  1  2  3  4  5  6  7  8  9 10 11 12 13 14 15 16 17 18 19 20 21 |
---------------+----------------------------------------------------------------+-----
Axes           | 4 5 6 7 9 11 12 13 15 16 18 | 18.0
Fighting       | 5 7 8 9 10 11 12 13 15 17 19 20 22 23 | 23.5
Armour         | 3 4 5 6 9 10 12 13 15 16 18 19 21 | 21.0
Shields        | 1 5 7 13 16 17 18 19 20 21 22 | 22.0
Throwing       | 1 3 5 6 7 8 9 10 11 12 13 | 13.0
Dodging        | 4 5 6 9 10 11 12 13 14 | 14.0

Action                   |  1- 3 |  4- 6 |  7- 9 | 10-12 | 13-15 | 16-18 | 19-21 || total
-------------------------+-------+-------+-------+-------+-------+-------+-------++-------
Melee: Hand axe          |    73 |    77 |       |       |       |       |       ||   150
       Headbutt          |     9 |    11 |    34 |   105 |   237 |   344 |   280 ||  1020
       War axe           |       |    32 |   215 |   469 |   587 |       |       ||  1303
       Demon whip        |       |       |       |    27 |    43 |       |       ||    70
       Broad axe         |       |       |       |       |   232 |  1254 |   905 ||  2391
Throw: Boomerang         |       |       |     1 |    46 |     3 |       |    10 ||    60
       Javelin           |       |       |       |    33 |   164 |   168 |    80 ||   445
Invok: Berserk           |     1 |     3 |     9 |    16 |    36 |    32 |    15 ||   112
       Brothers in Arms  |       |       |       |     1 |     7 |     9 |    20 ||    37
       Trog's Hand       |       |       |       |       |     9 |    15 |     9 ||    33
  Use: Scroll            |     5 |     4 |    10 |     4 |    12 |     3 |    10 ||    48
       Potion            |       |     4 |     2 |     1 |     6 |     6 |     4 ||    23
 Stab: Distracted        |       |       |       |       |     2 |     2 |     1 ||     5
Armor: Animal skin       |     9 |       |       |       |       |       |       ||     9
       Scale mail        |    16 |     7 |       |       |       |       |       ||    23
       Chain mail        |       |    49 |    91 |    35 |       |       |       ||   175
       Plate armour      |       |       |       |   115 |   223 |   259 |   243 ||   840
Dodge: Dodged            |    29 |    47 |    54 |   189 |   261 |   302 |   322 ||  1204
Block: Buckler           |       |       |    20 |    59 |       |       |       ||    79
       Tower shield      |       |       |       |   152 |   843 |  1369 |  1008 ||  3372
       Reflection        |       |       |       |       |    34 |   150 |    36 ||   220

Table legend:
 A = Non-vault XP
 B = Vault XP
 C = Vault XP percentage of total XP
 D = Non-vault monster count
 E = Vault monster count
 F = Vault count percentage of total count
                 A         B        C        D         E       F
            +---------+---------+-------+---------+---------+-------
      Total |  356092 |  260126 |  42.2 |     922 |     499 |  35.1
            +---------+---------+-------+---------+---------+-------
        D:1 |      47 |       0 |   0.0 |      26 |       0 |   0.0
        D:2 |      55 |       0 |   0.0 |      16 |       0 |   0.0
        D:3 |      84 |     299 |  78.1 |      19 |       8 |  29.6
        D:4 |     486 |     645 |  57.0 |      16 |       3 |  15.8
        D:5 |     858 |       0 |   0.0 |      18 |       0 |   0.0
        D:6 |     821 |     164 |  16.6 |      21 |       1 |   4.5
        D:7 |     634 |       0 |   0.0 |      10 |       0 |   0.0
        D:8 |    2257 |    2008 |  47.1 |      24 |       4 |  14.3
        D:9 |    2204 |     539 |  19.7 |      20 |      23 |  53.5
       D:10 |    1762 |    2001 |  53.2 |      11 |       6 |  35.3
       D:11 |    3791 |     962 |  20.2 |      15 |       4 |  21.1
       D:12 |    5659 |     899 |  13.7 |      17 |       1 |   5.6
       D:13 |   10210 |       0 |   0.0 |      24 |       0 |   0.0
       D:14 |    5469 |    8718 |  61.5 |      17 |      12 |  41.4
       D:15 |   16147 |    1132 |   6.6 |      35 |       1 |   2.8
     Lair:1 |    4409 |    8014 |  64.5 |      14 |      57 |  80.3
     Lair:2 |    5955 |       0 |   0.0 |      27 |       0 |   0.0
     Lair:3 |    7536 |    5020 |  40.0 |      23 |      13 |  36.1
     Lair:4 |    1323 |    1816 |  57.9 |       6 |       1 |  14.3
     Lair:5 |   10797 |   15727 |  59.3 |      25 |      42 |  62.7
   Shoals:1 |    9486 |    3755 |  28.4 |      17 |       2 |  10.5
   Shoals:2 |   14054 |    2455 |  14.9 |      30 |       4 |  11.8
   Shoals:3 |   16351 |    4081 |  20.0 |      39 |       5 |  11.4
   Shoals:4 |   17002 |   16917 |  49.9 |      36 |      28 |  43.8
   Spider:1 |    8001 |    8640 |  51.9 |      30 |      13 |  30.2
   Spider:2 |   19864 |       0 |   0.0 |      42 |       0 |   0.0
   Spider:3 |    5207 |    1421 |  21.4 |       9 |       1 |  10.0
   Spider:4 |   24925 |   25297 |  50.4 |      53 |      53 |  50.0
      Orc:1 |    2380 |       0 |   0.0 |      31 |       0 |   0.0
      Orc:2 |    2729 |    8013 |  74.6 |      33 |      34 |  50.7
   Vaults:1 |   10415 |   17920 |  63.2 |      18 |      26 |  59.1
   Vaults:2 |   28137 |   18797 |  40.0 |      44 |      26 |  37.1
   Vaults:3 |   41357 |   30819 |  42.7 |      58 |      40 |  40.8
   Vaults:4 |   21743 |   25299 |  53.8 |      30 |      36 |  54.5
   Depths:1 |   39729 |    1191 |   2.9 |      53 |       1 |   1.9
   Depths:2 |   14208 |   43754 |  75.5 |      15 |      36 |  70.6
      Sewer |       0 |     238 | 100.0 |       0 |       5 | 100.0
   Gauntlet |       0 |    3585 | 100.0 |       0 |      13 | 100.0
            +---------+---------+-------+---------+---------+-------
